 Dungeon Crawl Stone Soup version 0.31-a0-174-g85c54bcb58 (webtiles) character file.

Game seed: 9476828036660569416

631402 qw the Slayer (level 27, -9/196 HPs)
             Began as a Gargoyle Fighter on June 16, 2023.
             Was the Champion of the Shining One.
             Killed by divine providence
             ... invoked by a royal mummy
              (11 damage)
             ... on level 3 of the Tomb of the Ancients.
             The game lasted 00:51:45 (68395 turns).

qw the Slayer (Gargoyle Fighter)                   Turns: 68395, Time: 00:51:45

Health: -9/196     AC: 66    Str: 40 (41) XL:     27
Magic:  19/38      EV: 17    Int:  8 (12) God:    the Shining One [******]
Gold:   2496       SH:  0    Dex: 15 (18) Spells: 26/26 levels left

rFire   + . .        m - +8 broad axe (holy)
rCold   + . .        j - +5 tower shield "Koigruidev" {Slay+2}
rNeg    + + +        E - +10 gold dragon scales of Resilience {rPois rF+ rC+ Will- Dex+7 Slay+5}
rPois   inf          c - -2 helmet "Ras Hol" {rN+ Will- Str+10 Dex+2}
rElec   +            g - +2 cloak
rCorr   .            C - +2 pair of gloves
SInv    +            N - +2 pair of boots
Will    .....        h - amulet of faith Stlth
                     q - +5 ring of evasion
HPRegen 0.52/turn    b - +5 ring of evasion
MPRegen 0.26/turn

%: faith
@: about to teleport, flying, held, glowing
A: sickness immunity, AC +20, big wings, negative energy resistance 1,
electricity resistance, torment resistance 1, petrification resistance, see
invisible, MP-powered wands
}: 4/15 runes: decaying, serpentine, slimy, silver
a: Renounce Religion, Divine Shield, Cleansing Flame, Summon Divine Warrior


You were on level 3 of the Tomb of the Ancients.
You worshipped the Shining One.
The Shining One was exalted by your worship.
You visited 12 branches of the dungeon, and saw 55 of its levels.
You visited the Abyss 3 times.
You also visited: Gauntlet.

You collected 11050 gold pieces.
You spent 8554 gold pieces at shops.


Innate Abilities, Weirdness & Mutations

You are immune to sickness and miasma.
Your stone body is resilient. (AC +20)
You are immune to poison.
Your large and strong wings let you fly.
You resist negative energy. (rN+)
You are resistant to electric shocks. (rElec)
You are resistant to unholy torment.
You are immune to petrification.
You have supernaturally acute eyesight. (SInv)
You expend magic power (3 MP) to strengthen your wands.


   Skills:
 - Level 26.0 Fighting
 - Level 18.0 Axes
 - Level 14.0 Throwing
 - Level 22.0 Armour
 - Level 12.0 Dodging
 - Level 22.0 Shields
 + Level 22.4 Invocations


You had 26 spell levels left.
You didn't know any spells.
Your spell library was empty.

Inventory:

Hand Weapons
 m - a +8 broad axe of holy wrath (weapon)
Missiles
 D - 12 boomerangs (quivered)
Armour
 c - the -2 helmet "Ras Hol" (worn) {rN+ Will- Str+10 Dex+2}
   (Okawaru gifted it to you on level 5 of the Vaults)

   Str:       It affects your strength (+10).
   Dex:       It affects your dexterity (+2).
   rN:        It protects you from negative energy.
   Will:      It decreases your willpower.
 g - a +2 cloak (worn)
 j - the +5 tower shield "Koigruidev" (worn) {Slay+2}
   (You acquired it on level 2 of the Tomb of the Ancients)

   Slay:      It affects your accuracy & damage with ranged weapons and melee
   (+2).
 o - the +0 cloak "Donoamoj" {rC+}
   (You found it on level 5 of the Pits of Slime)

   rC:        It protects you from cold.
 w - a scarf of resistance
 C - a +2 pair of gloves (worn)
 E - the +10 gold dragon scales of Resilience (worn) {rPois rF+ rC+ Will- Dex+7 Slay+5}
   (You found it on level 3 of the Vaults)

   Dex:       It affects your dexterity (+7).
   Slay:      It affects your accuracy & damage with ranged weapons and melee
   (+5).
   rF:        It protects you from fire.
   rC:        It protects you from cold.
   rPois:     It protects you from poison.
   Will:      It decreases your willpower.
 J - the +1 pair of gloves "Dacear" {-Tele +Inv Str+4}
   (You bought it in a shop on level 2 of the Orcish Mines)

   Str:       It affects your strength (+4).
   +Inv:      It lets you turn invisible.
   -Tele:     It prevents most forms of teleportation.
 N - a +2 pair of boots (worn)
Jewellery
 b - a +5 ring of evasion (right hand)
 h - an amulet of faith (around neck)
 q - a +5 ring of evasion (left hand)
 u - the ring "Witeamer" {rElec rC+ rN+ Str+3 Int+6}
   (You acquired it on level 5 of the Dungeon)

   [ring of intelligence]

   Str:       It affects your strength (+3).
   Int:       It affects your intelligence (+6).
   rC:        It protects you from cold.
   rElec:     It insulates you from electricity.
   rN:        It protects you from negative energy.
 z - a ring of protection from fire
 A - a ring of protection from fire
 G - a ring of protection from cold
 Q - an amulet of reflection
 Y - the ring "Yqutt" {Ice Str+5 Dex+2}
   (You took it off Josephina on level 4 of the Depths)

   [ring of ice]

   It enhances your ice magic.
   Str:       It affects your strength (+5).
   Dex:       It affects your dexterity (+2).
   rF:        It makes you vulnerable to fire.
   rC:        It protects you from cold.
Wands
 x - a wand of digging (6)
Scrolls
 e - 15 scrolls of teleportation
 i - 17 scrolls of identify
 H - 6 scrolls of brand weapon
 I - 7 scrolls of enchant armour
Potions
 a - 8 potions of attraction
 d - 11 potions of might
 p - 4 potions of cancellation
 s - 3 potions of resistance
 t - 6 potions of lignification
 v - 5 potions of magic
 F - 5 potions of haste
 M - 6 potions of curing
 P - 3 potions of mutation

Dungeon Overview and Level Annotations

Branches:
Dungeon (15/15)            Temple (1/1) D:7            Lair (5/5) D:8
  Swamp (4/4) Lair:3        Snake (4/4) Lair:3        Slime (5/5) Lair:5
    Orc (2/2) D:12            Elf (0/3) Orc:2        Vaults (5/5) D:14
  Crypt (3/3) Vaults:2       Tomb (3/3) Crypt:3      Depths (4/4) D:15
    Zot (4/5) Depths:4    Gauntlet (visited)

Altars:
Ashenzari
Cheibriados
Dithmenos
Elyvilon
Fedhas
Gozag
Hepliaklqana
Kikubaaqudgha
Makhleb
Nemelex Xobeh
Okawaru
Qazlal
Ru
Sif Muna
Trog
Uskayaw
Vehumet
Wu Jian
Xom
Yredelemnul
Zin
The Shining One
Jiyva

Shops:
D:4 [   Orc:2 =[?!   Snake:2 ?   Snake:3 *?[*?   Snake:4 (*?*   Vaults:1 (
Vaults:2 [   Vaults:4 [   Vaults:5 ?   Depths:1 (*=*=   Depths:3 :=:

Portals:
Hell: Depths:1 Depths:2 Depths:3 Depths:4
Abyss: Swamp:3 Depths:1 Depths:3
Pandemonium: Depths:2
Ziggurat: Depths:1

Annotations:
D:2 1 runed translucent door, Crazy Yiuf
D:14 exclusions: 2 ice statues and ogre mage
Lair:1 2 transporters
Lair:4 2 transporters
Swamp:3 1 transporter, qw's ghost, adept GrFi
Snake:2 6 transporters
Crypt:3 exclusions: reaper and 3 soul eaters
Depths:1 1 runed translucent door
Depths:2 2 transporters
Zot:1 2 transporters, qw's ghost, veteran GrFi


Message History

The royal mummy convulses.
Your angel hits the royal mummy but does no damage.
Your surroundings suddenly seem different.
The death scarab's many legs skitter faintly. x2
You hear a faint skittering sound.
The mummy priest calls on the powers of darkness!
The emperor scorpion convulses! x3; Your body is wracked with pain!
The emperor scorpion convulses! x8; The royal mummy drops a net on you.
You become entangled in the net!
The royal mummy hits you!
The ushabti shakes and rattles deafeningly!
The hellwing hits you. The hellwing barely misses you.
The death scarab's many legs skitter faintly.
You see here a throwing net.
Enter note:
Enter note:
Enter note:
Enter note:
Enter note:
Enter note:
Enter note:
Enter note:
Enter note:
68395 ||| READING 16 scrolls of teleportation.
As you read the scroll of teleportation, it crumbles to dust.
You feel strangely unstable.
The death scarab disappears in a puff of smoke!
The death scarab waves its antennae.
The emperor scorpion stings you but does no damage.
The emperor scorpion closely misses you.
The emperor scorpion completely misses you.
The emperor scorpion stings you but does no damage.
The emperor scorpion claws you but does no damage. x2
The freezing wraith hits you but does no damage.
The freezing wraith closely misses you. The ushabti barely misses you.
The mummy priest prays to its god.
The royal mummy casts a spell.
The mummy priest invokes the aid of its god against you.
Something smites you!
The royal mummy gestures at you while chanting.
Something smites you!
You die...

... #.Ms.9s#
...... .^
........##...^. .
?...^....##<...
#.
....M.....##...
#.. ..Zs.n...B.##
#...
...M........##
+###....
...M..MM.....###'
.....M..
...M.MssMB...!...
..M...M.
..3s9B9@sMss.....
........
MM...s4sWs.....^.
..Z....9
9M...sMMW........
..A....M
W9..s.sM..B......
..M.....
......M..........
........
..............¤..
........
.....¤........¤^.
..B.....
.^............¤..
....####
........####....


You could see 5 royal mummies, 13 emperor scorpions, 3 mummy priests, a sun
demon (summoned), a hellwing (summoned), 4 guardian mummies, 4 ushabtiu, 2
freezing wraiths, 4 death scarabs, a necrophage (summoned), a shadow (summoned),
4 mummies and a spriggan defender skeleton (summoned).

Vanquished Creatures
  the Royal Jelly (Slime:5)
  5 dread liches
  An orb of fire (Zot:3)
  Mara (Vaults:2)
  3 ancient liches
  16 royal mummies
  Josephina (Depths:4)
  A Killer Klown (Zot:3)
  Bai Suzhen (Crypt:2)
  Xtahua (Crypt:2)
  the Lernaean hydra (Swamp:4)
  Margery (Crypt:2)
  10 golden dragons
  A profane servitor (Crypt:2)
  Nikola (Snake:2)
  the Enchantress (Depths:3)
  2 bone dragons
  A doom hound (Crypt:2)
  3 electric golems
  A Tzitzimitl (Crypt:2)
  11 tentacled monstrosities
  Rupert (D:14)
  13 quicksilver dragons
  7 deep elf master archers
  Zenata (Crypt:2)
  16 acid blobs
  8 liches
  A walking divine tome (Depths:3)
  13 titans
  11 ancient champions
  14 sphinxes
  3 tentacled starspawn
  6 deep elf blademasters
  An eldritch tentacle (Vaults:5)
  4 death cobs
  A thorn hunter (Swamp:3)
  4 tengu reavers
  10 shadow dragons
  11 storm dragons
  Roxanne (Swamp:1)
  9 azure jellies
  A daeva (Abyss:2)
  6 draconian monks
  4 revenants
  7 rockslimes
  8 nagarajas
  6 draconian knights
  An iron dragon (Vaults:5)
  21 fire giants
  2 deep elf sorcerers
  Aizul (Snake:2)
  12 frost giants
  6 draconian scorchers
  19 vault wardens
  A shard shrike simulacrum (Tomb:3)
  An orc warlord (Vaults:1)
  3 ghost moths
  18 ironbound preservers
  3 curse skulls (Crypt:2)
  A balrug (Depths:4)
  11 ghouls
  4 reapers (Crypt:3)
  7 draconian annihilators
  5 draconian stormcallers
  12 quicksilver oozes
  A cacodemon (Abyss:3)
  3 spriggan defenders (Depths:3)
  6 ironbound thunderhulks
  17 stone giants
  8 vampire knights
  A formless jellyfish (Vaults:2)
  3 war gargoyles
  2 eleionomae
  15 very ugly things
  8 green draconians
  2 juggernaut skeletons (Crypt:3)
  12 black draconians
  2 deep elf demonologists (Vaults:5)
  11 purple draconians
  10 white draconians
  Azrael (Snake:3)
  16 dire elephants
  16 red draconians
  A minotaur (Gauntlet)
  2 bunyips (Swamp:4)
  13 bennus
  2 spark wasps (Depths:3)
  14 eidola
  8 yellow draconians
  8 ettins
  2 entropy weavers (Vaults:4)
  A green death (Vaults:1)
  18 mummy priests
  16 yaktaur captains
  6 deep elf death magi
  6 jiangshi
  2 quicksilver dragon zombies (Crypt:3)
  A spriggan zombie (Crypt:2)
  A deep elf high priest (Vaults:5)
  14 fire dragons
  3 salamander tyrants
  18 great orbs of eyes
  A peacekeeper (Vaults:2)
  A hydra (shapeshifter) (Depths:3)
  3 ice dragons
  Erolcha (Orc:2)
  A catoblepas (Lair:5)
  3 ogre magi
  3 spriggan air magi
  2 rakshasas
  19 hydras
  30 vault guards
  8 ironbound frosthearts
  6 anacondas
  A hell beast (Depths:2)
  2 spriggan skeletons (Crypt:3)
  13 alligators
  A juggernaut simulacrum (Depths:4)
  A satyr (shapeshifter) (Depths:4)
  8 boulder beetles
  4 death knights
  A bennu skeleton (Crypt:1)
  6 centaur warriors
  15 two-headed ogres
  14 naga warriors
  11 deep troll earth magi
  6 vampire magi
  9 deep troll shamans
  29 death scarabs
  4 tengu warriors
  2 hell hogs (Depths:2)
  9 death yaks
  3 spriggan berserkers (Depths:3)
  8 shock serpents
  Urug (Lair:4)
  5 sun demons
  14 naga sharpshooters
  5 deep elf knights
  A wretched star (Abyss:3)
  5 sixfirhies
  A titan skeleton (Crypt:3)
  32 skeletal warriors
  3 skysharks
  5 soul eaters
  A storm dragon zombie (Crypt:2)
  23 hell knights
  7 salamander mystics
  A goliath frog (Swamp:1)
  3 shadow wraiths (Crypt:2)
  A golden dragon zombie (Crypt:3)
  3 spriggan druids
  16 iron trolls
  A spriggan simulacrum (Abyss:2)
  6 flayed ghosts (Crypt:2)
  9 swamp dragons
  9 bog bodies
  4 glowing orange brains
  A shadow demon (Abyss:3)
  A naga ritualist (Snake:4)
  2 golden dragon skeletons
  13 harpies
  11 wizards
  49 deep trolls
  10 deep elf archers
  An anaconda skeleton (Crypt:2)
  17 phantasmal warriors
  23 starcursed masses
  26 ironbound convokers
  7 lindwurms
  19 necromancers
  8 deep elf pyromancers
  7 orc knights
  A shadow dragon skeleton (Depths:2)
  A stone giant zombie (Crypt:2)
  3 deep elf zephyrmancers
  A wolf spider (shapeshifter) (Vaults:5)
  3 shining eyes
  2 mana vipers
  28 ugly things
  A sphinx skeleton (Crypt:2)
  5 orc sorcerers
  18 salamanders
  A manticore (shapeshifter) (Depths:3)
  An oklob plant (Lair:1)
  A centaur zombie (Crypt:3)
  18 elephants
  2 will-o-the-wisps
  An elephant (shapeshifter) (D:14)
  27 black mambas
  23 moths of wrath
  Joseph (D:15)
  2 manticores
  A dire elephant zombie (Crypt:3)
  A centaur skeleton (Tomb:1)
  A guardian serpent (Snake:2)
  2 worldbinders (Abyss:2)
  2 molten gargoyles (Depths:2)
  26 vault sentinels
  A smoke demon (Depths:4)
  10 naga magi
  A torpor snail (shapeshifter) (Vaults:4)
  3 gargoyles
  9 cane toads
  A torpor snail (Lair:3)
  4 rime drakes
  A hellion (Abyss:2)
  3 unseen horrors
  An orange demon (Abyss:2)
  A rime drake (shapeshifter) (D:14)
  34 yaktaurs
  9 freezing wraiths
  A minotaur zombie (Crypt:1)
  A yaktaur (shapeshifter) (Vaults:4)
  7 komodo dragons
  4 kobold demonologists
  2 tormentors (Crypt:2)
  3 tengu conjurers
  2 alligator snapping turtle skeletons (Crypt:3)
  2 bloated husks (Swamp:3)
  2 ancient zymes (Abyss:3)
  38 guardian mummies
  16 hellwings
  A tengu simulacrum (Depths:4)
  5 harpy zombies
  3 meliai (D:14)
  4 hornets
  9 trolls
  7 polar bears
  Grinder (D:3)
  A shadow dragon simulacrum (Depths:4)
  3 raiju (Abyss:3)
  6 tyrant leeches
  8 dream sheep
  32 blink frogs
  A death drake skeleton (Crypt:2)
  A great orb of eyes zombie (Crypt:2)
  3 harpy skeletons
  A hydra skeleton (Crypt:3)
  88 slime creatures
  An ettin skeleton (Crypt:3)
  10 wraiths
  Sigmund (D:3)
  28 flying skulls
  A vampire (D:10)
  12 yaks
  7 spriggans
  3 shadows
  15 large abominations
  A ynoxinul (Abyss:3)
  A black mamba skeleton (Crypt:3)
  A wyvern (D:9)
  Eustachio (D:6)
  4 fire elementals (Snake:3)
  3 neqoxecs
  4 fire bats (Depths:2)
  A golden eye (Gauntlet)
  A steam dragon (shapeshifter) (Vaults:5)
  A human (shapeshifter) (D:14)
  16 ushabtiu
  10 vampire mosquitoes
  5 basilisks
  A steam dragon (D:7)
  6 redbacks (Vaults:4)
  3 chaos spawn
  Menkaure (D:7)
  7 wargs
  53 nagas
  A warg (shapeshifter) (D:14)
  13 swamp worms
  A two-headed ogre zombie (Crypt:2)
  2 hell hounds (Snake:3)
  An acid dragon (D:6)
  14 water moccasins
  A naga skeleton (Crypt:3)
  A sky beast (D:8)
  2 floating eyes
  15 swamp drakes
  A water nymph skeleton (Crypt:2)
  A sky beast (shapeshifter) (D:13)
  An ice beast (D:8)
  A lindwurm zombie (Crypt:1)
  28 orc warriors
  An ettin simulacrum (Depths:2)
  5 wolves (Lair:5)
  A black mamba simulacrum (Crypt:2)
  14 ogres
  8 boggarts
  4 black bears
  16 centaurs
  11 small abominations
  A fire crab zombie (Crypt:2)
  9 bullfrogs
  An elf zombie (Crypt:2)
  8 kobold brigands
  A glowing shapeshifter simulacrum (Depths:4)
  9 gnoll sergeants
  A necrophage (Crypt:1)
  4 scorpions
  5 wights
  5 wyvern skeletons (Crypt:3)
  19 killer bees
  A shapeshifter zombie (Crypt:1)
  An electric eel (Lair:3)
  A crimson imp (Abyss:2)
  3 quasits
  6 hounds
  9 orc priests
  4 jellies
  2 sleepcaps
  2 gnoll boudas
  2 iron imps
  Ijyb (D:4)
  25 orc wizards
  An iguana (D:6)
  5 hell rats (Lair:5)
  48 mummies
  36 gnolls
  5 adders
  3 white imps
  4 ufetubi
  An iguana skeleton (Crypt:1)
  3 worms
  73 orcs
  8 endoplasms
  3 giant cockroaches
  3 goblins
  5 hobgoblins
  5 quokkas
  5 ball pythons
  2 bats
  2 frilled lizards
  A frilled lizard skeleton (Crypt:1)
  A hobgoblin zombie (Crypt:1)
  19 kobolds
  3 rats (D:3)
  A lurking horror (Abyss:3)
  4 starspawn tentacles
2410 creatures vanquished.

Vanquished Creatures (collateral kills)
  4 royal mummies (Tomb:1)
  A bone dragon (Crypt:2)
  A doom hound (Crypt:2)
  A Tzitzimitl (Crypt:2)
  A lich (Crypt:2)
  Grunn (Crypt:2)
  A sphinx (Tomb:1)
  A frost giant (Tomb:2)
  A curse skull (Crypt:2)
  3 bennus
  A vampire knight (Crypt:2)
  A red draconian (Tomb:1)
  2 eidola (Crypt:2)
  A mummy priest (Tomb:2)
  2 spriggan zombies (Crypt:3)
  A fenstrider witch zombie (Crypt:3)
  A death scarab (Tomb:3)
  2 soul eaters (Crypt:3)
  A deep elf knight (Tomb:1)
  A skeletal warrior (Tomb:2)
  4 phantasmal warriors (Crypt:3)
  A necromancer (Crypt:2)
  An eleionoma skeleton (Crypt:2)
  2 freezing wraiths
  2 guardian mummies
  A harpy zombie (Crypt:3)
  A wraith (Crypt:3)
  2 flying skulls
  4 ushabtiu
  A naga skeleton (Tomb:2)
  A wyvern skeleton (Crypt:3)
  A mummy (Tomb:1)
49 creatures vanquished.

Vanquished Creatures (others)
  2 sphinxes (Tomb:1)
  2 frost giants
  A fire giant (Tomb:2)
  A purple draconian (Tomb:1)
  A deep elf knight (Crypt:3)
  A glowing orange brain (Vaults:1)
  3 deep elf pyromancers
  A salamander (Depths:2)
  A yaktaur (Vaults:3)
  A boggart (Vaults:2)
  A white imp (Gauntlet)
  An orc (Orc:2)
  8 foxfires
  13 spectral weapons
  6 starspawn tentacles
43 creatures vanquished.

Grand Total: 2502 creatures vanquished

Notes
Turn   | Place    | Note
-------+----------+-------------------------------------------
     0 | D:1      | qw the Gargoyle Fighter began the quest for the Orb.
     0 | D:1      | Reached XP level 1. HP: 14/14 MP: 1/1
     0 | D:1      | 0 ||| qw: Version: 0.2-a-29-g511e9b1
     0 | D:1      | 0 ||| qw: Game counter: 5644
     0 | D:1      | 0 ||| qw: Always use a shield: true
     0 | D:1      | 0 ||| qw: God list: Okawaru
     0 | D:1      | 0 ||| qw: Allow faded altars: false
     0 | D:1      | 0 ||| qw: Do Orc after D:15 true
     0 | D:1      | 0 ||| qw: Do second Lair branch before Depths: true
     0 | D:1      | 0 ||| qw: Lair rune preference: random
     0 | D:1      | 0 ||| qw: Plans: Normal, Zot:1-4, Slime:5, God:TSO, Crypt,
                  | Tomb, Abyss, Pan, Hells, Win
     0 | D:1      | 0 ||| PLANNING D:1-11
   214 | D:1      | Reached XP level 2. HP: 18/19 MP: 2/2
   613 | D:1      | 613 ||| UPGRADING to ring of resist corrosion.
   614 | D:1      | 614 ||| READING scroll labelled TECOUPR ADWAL.
   686 | D:2      | Reached skill level 3 in Axes
   832 | D:2      | Reached XP level 3. HP: 23/23 MP: 3/3
   841 | D:2      | Found a runed translucent door.
   842 | D:2      | Noticed Crazy Yiuf
  1315 | D:2      | 1315 ||| UPGRADING to +0 chain mail.
  1325 | D:2      | 1325 ||| DROPPING +0 scale mail.
  1326 | D:2      | 1326 ||| READING scroll labelled KURUABL QIEM.
  1327 | D:2      | 1327 ||| READING scroll labelled HANNUM WECEI.
  1328 | D:2      | 1328 ||| READING scroll labelled BUNOESU BUDDES.
  1387 | D:3      | 1387 ||| Stepping ~*~*~tactically~*~*~ (hiding).
  1503 | D:3      | Noticed Sigmund
  1504 | D:3      | 1504 ||| Stepping ~*~*~tactically~*~*~ (hiding).
  1524 | D:3      | Killed Sigmund
  1525 | D:3      | Reached XP level 4. HP: 14/28 MP: 4/4
  1525 | D:3      | Reached XP level 5. HP: 16/32 MP: 5/5
  1833 | D:3      | 1833 ||| Stepping ~*~*~tactically~*~*~ (hiding).
  2010 | D:3      | 2010 ||| Stepping ~*~*~tactically~*~*~ (stealth).
  2194 | D:3      | 2194 ||| Stepping ~*~*~tactically~*~*~ (stealth).
  2202 | D:3      | Reached skill level 1 in Throwing
  2202 | D:3      | Reached XP level 6. HP: 34/37 MP: 6/6
  2484 | D:3      | Noticed Grinder
  2500 | D:3      | Killed Grinder
  2501 | D:3      | Reached skill level 5 in Fighting
  2501 | D:3      | Reached XP level 7. HP: 38/44 MP: 7/7
  2523 | D:3      | 2523 ||| UPGRADING to amulet of guardian spirit.
  2528 | D:3      | 2528 ||| UPGRADING to +5 ring of evasion.
  2529 | D:3      | 2529 ||| UPGRADING to ring of protection from fire.
  2531 | D:3      | 2531 ||| READING scroll labelled VEQ REATISA.
  2532 | D:3      | 2532 ||| DRINKING 3 viscous clear potions.
  2532 | D:3      | Gained mutation: You have hidden genetic defects. [potion
                  | of mutation]
  2532 | D:3      | Gained mutation: You have large cloven feet. [potion of
                  | mutation]
  2533 | D:3      | 2533 ||| READING 2 scrolls of identify.
  2533 | D:3      | 2533 ||| IDENTIFYING orange potion
  2601 | D:4      | 2601 ||| DROPPING +0 club.
  2651 | D:4      | 2651 ||| Stepping ~*~*~tactically~*~*~ (stealth).
  2669 | D:4      | 2669 ||| Stepping ~*~*~tactically~*~*~ (stealth).
  2683 | D:4      | 2683 ||| DROPPING +0 whip.
  2683 | D:4      | Gained mutation: Your body sometimes deteriorates upon
                  | taking damage. [hidden defects]
  2704 | D:4      | 2704 ||| Stepping ~*~*~tactically~*~*~ (hiding).
  2710 | D:4      | Reached skill level 6 in Axes
  2766 | D:4      | Noticed Ijyb
  2771 | D:4      | Reached skill level 1 in Dodging
  2771 | D:4      | 2771 ||| FLEEEEING.
  2771 | D:4      | Gained mutation: Armour fits poorly on your strangely
                  | shaped body. [hidden defects]
  2771 | D:4      | Lost mutation: You have hidden genetic defects. [hidden
                  | defects expressed]
  2772 | D:4      | 2772 ||| FLEEEEING.
  2773 | D:4      | 2773 ||| FLEEEEING.
  2774 | D:4      | 2774 ||| FLEEEEING.
  2775 | D:4      | 2775 ||| FLEEEEING.
  2780 | D:4      | 2780 ||| Stepping ~*~*~tactically~*~*~ (stealth).
  2782 | D:4      | 2782 ||| Stepping ~*~*~tactically~*~*~ (stealth).
  2783 | D:4      | 2783 ||| FLEEEEING.
  2784 | D:4      | 2784 ||| FLEEEEING.
  2785 | D:4      | 2785 ||| FLEEEEING.
  2809 | D:4      | Killed Ijyb
  2904 | D:4      | 2904 ||| DRINKING 2 potions of mutation.
  2904 | D:4      | Lost mutation: Your body sometimes deteriorates upon taking
                  | damage. [potion of mutation]
  2904 | D:4      | Lost mutation: You have large cloven feet. [potion of
                  | mutation]
  2904 | D:4      | Lost mutation: Armour fits poorly on your strangely shaped
                  | body. [potion of mutation]
  2904 | D:4      | Gained mutation: Your spells are a little harder to cast,
                  | but a little more powerful. [potion of mutation]
  2904 | D:4      | Gained mutation: You are clumsy. (Dex -2) [potion of
                  | mutation]
  2904 | D:4      | Gained mutation: You are very clumsy. (Dex -4) [potion of
                  | mutation]
  3100 | D:4      | 3100 ||| Stepping ~*~*~tactically~*~*~ (stealth).
  3112 | D:4      | Reached XP level 8. HP: 35/50 MP: 5/8
  3341 | D:4      | 3341 ||| Stepping ~*~*~tactically~*~*~ (stealth).
  3342 | D:4      | 3342 ||| Stepping ~*~*~tactically~*~*~ (stealth).
  3502 | D:4      | Found Gutez's Armour Boutique.
  3510 | D:4      | 3510 ||| SHOPLISTING +0 plate armour (230 gold, have 215).
  3510 | D:4      | 3510 ||| SHOPLISTING +3 plate armour of fire resistance
                  | (450 gold, have 215).
  3513 | D:4      | 3513 ||| UPGRADING to +0 cloak.
  3518 | D:4      | 3518 ||| READING scroll labelled LEXIAV SEOKHLA.
  3519 | D:4      | 3519 ||| READING scroll labelled WOMNEX TOCYATE.
  3520 | D:4      | 3520 ||| DRINKING 2 fuming black potions.
  3521 | D:4      | 3521 ||| DRINKING 2 bubbling grey potions.
  3522 | D:4      | 3522 ||| DRINKING 2 viscous red potions.
  3523 | D:4      | 3523 ||| DROPPING potion of invisibility.
  3530 | D:5      | Entered Level 5 of the Dungeon
  3569 | D:5      | 3569 ||| Stepping ~*~*~tactically~*~*~ (hiding).
  3606 | D:5      | 3606 ||| Stepping ~*~*~tactically~*~*~ (stealth).
  3608 | D:5      | 3608 ||| Stepping ~*~*~tactically~*~*~ (hiding).
  3616 | D:5      | 3616 ||| FLEEEEING.
  3617 | D:5      | 3617 ||| FLEEEEING.
  3618 | D:5      | 3618 ||| FLEEEEING.
  3639 | D:5      | 3639 ||| Stepping ~*~*~tactically~*~*~ (stealth).
  3801 | D:5      | 3801 ||| Stepping ~*~*~tactically~*~*~ (hiding).
  3911 | D:5      | 3911 ||| Stepping ~*~*~tactically~*~*~ (hiding).
  3912 | D:5      | 3912 ||| Stepping ~*~*~tactically~*~*~ (stealth).
  4258 | D:5      | Found an ornate altar of the Wu Jian Council.
  4432 | D:5      | 4432 ||| UPGRADING to +0 helmet.
  4437 | D:5      | 4437 ||| UPGRADING to amulet of faith.
  4447 | D:5      | 4447 ||| DROPPING amulet of guardian spirit.
  4448 | D:5      | 4448 ||| READING scroll labelled OLUOCS AMAEBRU.
  4482 | D:5      | 4482 ||| READING scroll labelled NEXKUAW BOER.
  4482 | D:5      | Identified a scroll of acquirement
  4482 | D:5      | 4482 ||| ACQUIRING ring "Witeamer" {rElec rC+ rN+ Str+3
                  | Int+6}
  4482 | D:5      | Acquired the ring "Witeamer" {rElec rC+ rN+ Str+3 Int+6}
  4484 | D:5      | 4484 ||| UPGRADING to ring "Witeamer" {rElec rC+ rN+ Str+3
                  | Int+6}.
  4486 | D:5      | 4486 ||| READING scroll labelled VACVOKLEDWI.
  4490 | D:5      | 4490 ||| READING scroll labelled SOENLAUZYX.
  4491 | D:5      | 4491 ||| DRINKING 3 purple potions.
  4492 | D:5      | 4492 ||| DRINKING potion of curing.
  4492 | D:5      | 4492 ||| (to cure confusion)
  4493 | D:5      | 4493 ||| DRINKING 2 green potions.
  4518 | D:5      | 4518 ||| READING 3 scrolls of identify.
  4518 | D:5      | 4518 ||| IDENTIFYING ruby potion
  4519 | D:5      | 4519 ||| READING 2 scrolls of identify.
  4519 | D:5      | 4519 ||| IDENTIFYING brown potion
  4520 | D:5      | 4520 ||| DROPPING 2 potions of ambrosia.
  4557 | D:6      | Reached skill level 6 in Fighting
  4583 | D:6      | Noticed Eustachio
  4599 | D:6      | 4599 ||| FLEEEEING.
  4600 | D:6      | 4600 ||| FLEEEEING.
  4601 | D:6      | 4601 ||| STAIRDANCE
  4673 | D:6      | Reached XP level 9. HP: 52/55 MP: 9/9
  4676 | D:6      | Killed Eustachio
  4696 | D:6      | 4696 ||| READING scroll of enchant weapon.
  4696 | D:6      | 4696 ||| ENCHANTING +1 war axe.
  4891 | D:6      | Reached skill level 9 in Axes
  4907 | D:6      | Identified the +5 ring mail of Impermeability {*Slow Str+4}
  5054 | D:6      | Found a radiant altar of Vehumet.
  5071 | D:6      | 5071 ||| Stepping ~*~*~tactically~*~*~ (stealth).
  5072 | D:6      | 5072 ||| Stepping ~*~*~tactically~*~*~ (stealth).
  5097 | D:6      | Found a glowing golden altar of the Shining One.
  5193 | D:6      | Found a snail-covered altar of Cheibriados.
  5338 | D:6      | 5338 ||| UPGRADING to +0 pair of boots.
  5343 | D:6      | 5343 ||| DROPPING +5 ring mail of Impermeability {*Slow
                  | Str+4}.
  5344 | D:6      | 5344 ||| UPGRADING to +0 pair of gloves.
  5349 | D:6      | 5349 ||| DROPPING amulet of the acrobat.
  5350 | D:6      | 5350 ||| READING scroll labelled UGUTHYQOYXT.
  5351 | D:6      | 5351 ||| READING 4 scrolls of identify.
  5351 | D:6      | 5351 ||| IDENTIFYING fuming sapphire potion
  5352 | D:6      | 5352 ||| DROPPING potion of degeneration.
  5380 | D:7      | 5380 ||| STAIRDANCE
  5415 | D:7      | 5415 ||| Stepping ~*~*~tactically~*~*~ (cloud).
  5604 | D:7      | Reached skill level 7 in Fighting
  5773 | D:7      | 5773 ||| Stepping ~*~*~tactically~*~*~ (hiding).
  6029 | D:7      | Reached skill level 6 in Armour
  6292 | D:7      | Found a staircase to the Ecumenical Temple.
  6292 | D:7      | Noticed Menkaure
  6293 | D:7      | 6293 ||| PLANNING TEMPLE
  6293 | D:7      | 6293 ||| Stepping ~*~*~tactically~*~*~ (hiding).
  6303 | D:7      | Killed Menkaure
  6309 | D:7      | 6309 ||| READING scroll labelled HEMNIE METAL.
  6317 | Temple   | Entered the Ecumenical Temple
  6323 | Temple   | 6323 ||| PLANNING OKAWARU WORSHIP
  6432 | Temple   | Became a worshipper of Warmaster Okawaru
  6433 | Temple   | 6433 ||| PLANNING D:1-11
  6530 | D:8      | 6530 ||| UPGRADING to +1 vampiric war axe.
  6653 | D:8      | 6653 ||| Stepping ~*~*~tactically~*~*~ (stealth).
  6659 | D:8      | Reached XP level 10. HP: 63/63 MP: 10/10
  6697 | D:8      | Reached skill level 8 in Fighting
  6737 | D:8      | 6737 ||| Stepping ~*~*~tactically~*~*~ (stealth).
  6770 | D:8      | Found a staircase to the Lair.
  6785 | D:8      | Reached * piety under Okawaru
  6786 | D:8      | 6786 ||| DRINKING potion of curing.
  6786 | D:8      | 6786 ||| (to cure confusion)
  6850 | D:8      | 6850 ||| READING scroll of enchant weapon.
  6850 | D:8      | 6850 ||| ENCHANTING +1 vampiric war axe.
  6966 | D:8      | Reached skill level 1 in Invocations
  7037 | D:8      | 7037 ||| Stepping ~*~*~tactically~*~*~ (stealth).
  7049 | D:8      | 7049 ||| Stepping ~*~*~tactically~*~*~ (hiding).
  7050 | D:8      | 7050 ||| Stepping ~*~*~tactically~*~*~ (hiding).
  7093 | D:8      | 7093 ||| Stepping ~*~*~tactically~*~*~ (stealth).
  7094 | D:8      | 7094 ||| Stepping ~*~*~tactically~*~*~ (stealth).
  7431 | D:8      | Reached skill level 3 in Throwing
  7750 | D:8      | 7750 ||| PLANNING LAIR
  7750 | D:8      | 7750 ||| READING scroll labelled TUJUL GENUFO.
  7751 | D:8      | 7751 ||| READING 7 scrolls of identify.
  7751 | D:8      | 7751 ||| IDENTIFYING sedimented puce potion
  7752 | D:8      | 7752 ||| DROPPING potion of brilliance.
  7804 | Lair:1   | Entered Level 1 of the Lair of Beasts
  7805 | Lair:1   | 7805 ||| INVOKING Heroism.
  7819 | Lair:1   | 7819 ||| INVOKING Heroism.
  7835 | Lair:1   | Reached skill level 3 in Invocations
  7861 | Lair:1   | Found a transporter.
  7873 | Lair:1   | 7873 ||| READING scroll of enchant armour.
  7873 | Lair:1   | 7873 ||| ENCHANTING +0 pair of gloves.
  7877 | Lair:1   | Noticed a cane toad
  7878 | Lair:1   | 7878 ||| INVOKING Heroism.
  7882 | Lair:1   | Killed a cane toad
  7966 | Lair:1   | 7966 ||| INVOKING Heroism.
  7986 | Lair:1   | 7986 ||| INVOKING Heroism.
  8087 | Lair:1   | Reached ** piety under Okawaru
  8092 | Lair:1   | 8092 ||| INVOKING Heroism.
  8113 | Lair:1   | Reached XP level 11. HP: 45/69 MP: 14/14
  8117 | Lair:1   | Reached *** piety under Okawaru
  8118 | Lair:1   | Reached skill level 9 in Fighting
  8144 | Lair:1   | 8144 ||| INVOKING Heroism.
  8202 | Lair:1   | 8202 ||| INVOKING Heroism.
  8259 | Lair:1   | 8259 ||| Stepping ~*~*~tactically~*~*~ (hiding).
  8303 | Lair:1   | Found a transporter.
  8358 | Lair:1   | 8358 ||| INVOKING Heroism.
  8374 | Lair:1   | Found a broken altar of Ashenzari.
  8374 | Lair:1   | Noticed an oklob plant
  8385 | Lair:1   | 8385 ||| INVOKING Heroism.
  8400 | Lair:1   | Killed an oklob plant
  8497 | Lair:1   | 8497 ||| INVOKING Heroism.
  8522 | Lair:1   | Reached skill level 12 in Axes
  8572 | Lair:1   | 8572 ||| INVOKING Heroism.
  8667 | Lair:1   | Identified the ring "Dileukoc" {Ice Str+2 Stlth+}
  8846 | Lair:1   | 8846 ||| DROPPING +0 ring mail of fire resistance.
  8847 | Lair:1   | 8847 ||| UPGRADING to +0 plate armour.
  8857 | Lair:1   | 8857 ||| DROPPING +0 chain mail.
  8858 | Lair:1   | 8858 ||| READING scroll labelled ZIDGHACIOTHU.
  8859 | Lair:1   | 8859 ||| READING 7 scrolls of identify.
  8859 | Lair:1   | 8859 ||| IDENTIFYING fuming coppery potion
  8860 | Lair:1   | 8860 ||| DROPPING potion of enlightenment.
  8907 | Lair:2   | You fall into a shaft and drop 1 floor!
  8950 | Lair:3   | 8950 ||| INVOKING Heroism.
  8976 | Lair:3   | 8976 ||| Stepping ~*~*~tactically~*~*~ (stealth).
  8978 | Lair:3   | 8978 ||| Stepping ~*~*~tactically~*~*~ (hiding).
  8980 | Lair:3   | 8980 ||| INVOKING Heroism.
  9059 | Lair:2   | 9059 ||| INVOKING Heroism.
  9068 | Lair:2   | Received a gift from Okawaru
  9087 | Lair:2   | 9087 ||| INVOKING Heroism.
  9107 | Lair:2   | Reached skill level 9 in Armour
  9200 | Lair:2   | Reached skill level 6 in Shields
  9352 | Lair:2   | 9352 ||| INVOKING Heroism.
  9374 | Lair:2   | Reached **** piety under Okawaru
  9465 | Lair:2   | 9465 ||| INVOKING Heroism.
  9474 | Lair:2   | Received a gift from Okawaru
  9475 | Lair:2   | Reached skill level 10 in Fighting
  9481 | Lair:2   | Reached XP level 12. HP: 76/77 MP: 13/15
  9502 | Lair:2   | Reached skill level 6 in Invocations
  9568 | Lair:2   | 9568 ||| DROPPING +0 flail.
  9841 | Lair:2   | Reached ***** piety under Okawaru
 10054 | Lair:2   | 10054 ||| DROPPING orb of wrath.
 10055 | Lair:2   | 10055 ||| READING scroll labelled FAYBOO FIRAKOL.
 10056 | Lair:2   | 10056 ||| READING scroll labelled USATZA DUILUIWK.
 10057 | Lair:2   | 10057 ||| READING 7 scrolls of identify.
 10057 | Lair:2   | 10057 ||| IDENTIFYING viscous green potion
 10156 | Lair:3   | Received a gift from Okawaru
 10289 | Lair:3   | Found a staircase to the Swamp.
 10290 | Lair:3   | 10290 ||| Stepping ~*~*~tactically~*~*~ (hiding).
 10297 | Lair:3   | 10297 ||| INVOKING Heroism.
 10299 | Lair:3   | HP: 17/77 [bog body (14)]
 10300 | Lair:3   | 10300 ||| READING 2 scrolls of teleportation.
 10301 | Lair:3   | 10301 ||| DRINKING 3 potions of heal wounds.
 10514 | Lair:3   | 10514 ||| Stepping ~*~*~tactically~*~*~ (stealth).
 10578 | Lair:3   | Found a staircase to the Snake Pit.
 10590 | Lair:3   | 10590 ||| INVOKING Heroism.
 10600 | Lair:3   | Identified the +0 helmet of Loompop {rElec Will+ Dex-3}
                  | (Okawaru gifted it to you on level 3 of the Lair of Beasts)
 10600 | Lair:3   | Received a gift from Okawaru
 10896 | Lair:3   | Noticed a skyshark
 10915 | Lair:3   | Killed a skyshark
 11085 | Lair:3   | 11085 ||| Stepping ~*~*~tactically~*~*~ (hiding).
 11092 | Lair:3   | Reached skill level 9 in Invocations
 11162 | Lair:3   | 11162 ||| Stepping ~*~*~tactically~*~*~ (stealth).
 11165 | Lair:3   | 11165 ||| Stepping ~*~*~tactically~*~*~ (hiding).
 11169 | Lair:3   | 11169 ||| Stepping ~*~*~tactically~*~*~ (hiding).
 11333 | Lair:3   | 11333 ||| DROPPING +6 ring of dexterity.
 11393 | Lair:4   | Noticed a death yak
 11394 | Lair:4   | 11394 ||| INVOKING Heroism.
 11395 | Lair:4   | 11395 ||| INVOKING Finesse.
 11397 | Lair:4   | Noticed a death yak
 11402 | Lair:4   | Noticed a death yak
 11404 | Lair:4   | Noticed a death yak
 11411 | Lair:4   | Killed a death yak
 11412 | Lair:4   | Reached XP level 13. HP: 82/82 MP: 12/20
 11472 | Lair:4   | Received a gift from Okawaru
 11711 | Lair:4   | Found a transporter.
 11811 | Lair:4   | 11811 ||| INVOKING Heroism.
 11828 | Lair:4   | 11828 ||| Stepping ~*~*~tactically~*~*~ (stealth).
 11845 | Lair:4   | Received a gift from Okawaru
 11935 | Lair:4   | Found a transporter.
 12037 | Lair:4   | Noticed Urug
 12039 | Lair:4   | 12039 ||| INVOKING Heroism.
 12040 | Lair:4   | 12040 ||| INVOKING Finesse.
 12047 | Lair:4   | Killed Urug
 12250 | Lair:4   | 12250 ||| Stepping ~*~*~tactically~*~*~ (hiding).
 12251 | Lair:4   | 12251 ||| Stepping ~*~*~tactically~*~*~ (hiding).
 12252 | Lair:4   | 12252 ||| Stepping ~*~*~tactically~*~*~ (hiding).
 12635 | Lair:5   | Entered Level 5 of the Lair of Beasts
 12641 | Lair:5   | 12641 ||| Stepping ~*~*~tactically~*~*~ (stealth).
 12645 | Lair:5   | 12645 ||| Stepping ~*~*~tactically~*~*~ (stealth).
 12657 | Lair:5   | 12657 ||| INVOKING Heroism.
 12692 | Lair:5   | 12692 ||| Stepping ~*~*~tactically~*~*~ (stealth).
 12693 | Lair:5   | 12693 ||| INVOKING Heroism.
 12694 | Lair:5   | 12694 ||| INVOKING Finesse.
 12696 | Lair:5   | 12696 ||| SWAPPING to +0 morningstar.
 12704 | Lair:5   | Received a gift from Okawaru
 12898 | Lair:5   | 12898 ||| UPGRADING to +2 vampiric war axe.
 12900 | Lair:5   | 12900 ||| DROPPING +0 heavy war axe.
 13002 | Lair:5   | 13002 ||| INVOKING Heroism.
 13055 | Lair:5   | 13055 ||| INVOKING Heroism.
 13060 | Lair:5   | Reached skill level 11 in Fighting
 13080 | Lair:5   | 13080 ||| INVOKING Heroism.
 13215 | Lair:5   | 13215 ||| INVOKING Heroism.
 13220 | Lair:5   | 13220 ||| Stepping ~*~*~tactically~*~*~ (hiding).
 13244 | Lair:5   | 13244 ||| INVOKING Finesse.
 13259 | Lair:5   | Gained mutation: Your large and strong wings let you fly.
                  | [Gargoyle growth]
 13259 | Lair:5   | Reached XP level 14. HP: 90/90 MP: 16/21
 13295 | Lair:5   | 13295 ||| INVOKING Heroism.
 13304 | Lair:5   | 13304 ||| SWAPPING to +0 morningstar.
 13312 | Lair:5   | 13312 ||| INVOKING Finesse.
 13330 | Lair:5   | 13330 ||| UPGRADING to +2 vampiric war axe.
 13392 | Lair:5   | 13392 ||| INVOKING Heroism.
 13510 | Lair:5   | Found a runed translucent door.
 13511 | Lair:5   | Found a viscous altar of Jiyva.
 13515 | Lair:5   | Found a staircase to the Slime Pits.
 13602 | Lair:5   | 13602 ||| READING scroll of enchant armour.
 13602 | Lair:5   | 13602 ||| ENCHANTING +1 pair of gloves.
 13764 | Lair:5   | 13764 ||| INVOKING Heroism.
 13767 | Lair:5   | 13767 ||| Stepping ~*~*~tactically~*~*~ (stealth).
 14121 | Lair:5   | 14121 ||| PLANNING D:1-11
 14121 | Lair:5   | 14121 ||| DROPPING ring of ice.
 14263 | D:9      | 14263 ||| Stepping ~*~*~tactically~*~*~ (hiding).
 14294 | D:9      | 14294 ||| Stepping ~*~*~tactically~*~*~ (hiding).
 14336 | D:9      | Received a gift from Okawaru
 14363 | D:9      | Reached skill level 6 in Throwing
 14502 | D:9      | Reached skill level 15 in Axes
 14543 | D:9      | 14543 ||| Stepping ~*~*~tactically~*~*~ (hiding).
 14651 | D:9      | 14651 ||| Stepping ~*~*~tactically~*~*~ (hiding).
 14652 | D:9      | 14652 ||| Stepping ~*~*~tactically~*~*~ (hiding).
 14661 | D:9      | 14661 ||| Stepping ~*~*~tactically~*~*~ (hiding).
 14662 | D:9      | 14662 ||| Stepping ~*~*~tactically~*~*~ (hiding).
 14663 | D:9      | 14663 ||| Stepping ~*~*~tactically~*~*~ (hiding).
 15069 | D:10     | Entered Level 10 of the Dungeon
 15272 | D:10     | 15272 ||| Stepping ~*~*~tactically~*~*~ (hiding).
 15376 | D:10     | Received a gift from Okawaru
 15400 | D:10     | 15400 ||| DROPPING +2 heavy war axe.
 15551 | D:11     | 15551 ||| Stepping ~*~*~tactically~*~*~ (stealth).
 15555 | D:11     | Reached skill level 12 in Fighting
 15603 | D:11     | 15603 ||| INVOKING Heroism.
 15604 | D:11     | 15604 ||| INVOKING Finesse.
 15629 | D:11     | 15629 ||| Stepping randomly (disturbance).
 15630 | D:11     | 15630 ||| Stepping randomly (disturbance).
 15883 | D:11     | 15883 ||| Stepping ~*~*~tactically~*~*~ (hiding).
 15884 | D:11     | 15884 ||| Stepping ~*~*~tactically~*~*~ (hiding).
 16027 | D:11     | 16027 ||| Stepping ~*~*~tactically~*~*~ (hiding).
 16392 | D:11     | 16392 ||| PLANNING D
 16392 | D:11     | 16392 ||| DROPPING +3 chain mail.
 16713 | D:12     | 16713 ||| INVOKING Heroism.
 16714 | D:12     | 16714 ||| INVOKING Finesse.
 16789 | D:12     | Found a hide-covered altar of Uskayaw.
 16841 | D:12     | 16841 ||| INVOKING Heroism.
 16922 | D:12     | 16922 ||| Stepping ~*~*~tactically~*~*~ (stealth).
 16941 | D:12     | Reached skill level 12 in Armour
 17035 | D:12     | Found a staircase to the Orcish Mines.
 17061 | D:12     | 17061 ||| INVOKING Heroism.
 17255 | D:12     | 17255 ||| UPGRADING to +0 kite shield.
 17265 | D:12     | 17265 ||| DROPPING +0 buckler.
 17288 | D:13     | 17288 ||| INVOKING Heroism.
 17304 | D:13     | Received a gift from Okawaru
 17497 | D:13     | 17497 ||| Stepping ~*~*~tactically~*~*~ (hiding).
 17567 | D:13     | 17567 ||| Stepping ~*~*~tactically~*~*~ (stealth).
 17569 | D:13     | 17569 ||| INVOKING Heroism.
 17704 | D:13     | 17704 ||| Stepping ~*~*~tactically~*~*~ (stealth).
 18070 | D:13     | Reached skill level 9 in Shields
 18228 | D:13     | Found a glowing silver altar of Zin.
 18337 | D:13     | 18337 ||| UPGRADING to +0 gold dragon scales.
 18347 | D:13     | 18347 ||| DROPPING +0 plate armour.
 18380 | D:14     | 18380 ||| INVOKING Heroism.
 18381 | D:14     | 18381 ||| Stepping ~*~*~tactically~*~*~ (stealth).
 18404 | D:14     | 18404 ||| INVOKING Finesse.
 18427 | D:14     | 18427 ||| Stepping ~*~*~tactically~*~*~ (stealth).
 18428 | D:14     | 18428 ||| Stepping ~*~*~tactically~*~*~ (stealth).
 18508 | D:14     | Found a frozen archway.
 18509 | D:14     | 18509 ||| Stepping ~*~*~tactically~*~*~ (stealth).
 18517 | D:14     | 18517 ||| Stepping ~*~*~tactically~*~*~ (hiding).
 18572 | D:14     | Paralysed by something for 3 turns
 18591 | D:14     | HP: 10/92 [something/bolt of magma (20)]
 18602 | D:14     | HP: 12/92 [something (1)]
 18604 | D:14     | 18604 ||| READING 5 scrolls of teleportation.
 18605 | D:14     | 18605 ||| DRINKING 4 potions of heal wounds.
 18607 | D:14     | 18607 ||| INVOKING Heroism.
 18848 | D:14     | 18848 ||| INVOKING Heroism.
 18854 | D:14     | Reached XP level 15. HP: 76/96 MP: 19/22
 18942 | D:14     | Found a gate to the Vaults.
 19023 | D:14     | 19023 ||| Stepping ~*~*~tactically~*~*~ (stealth).
 19028 | D:14     | 19028 ||| Stepping ~*~*~tactically~*~*~ (hiding).
 19031 | D:14     | 19031 ||| Stepping ~*~*~tactically~*~*~ (hiding).
 19036 | D:14     | 19036 ||| INVOKING Heroism.
 19046 | D:14     | Received a gift from Okawaru
 19094 | D:14     | 19094 ||| INVOKING Heroism.
 19509 | D:14     | 19509 ||| INVOKING Heroism.
 19541 | D:14     | 19541 ||| Stepping ~*~*~tactically~*~*~ (hiding).
 19543 | D:14     | 19543 ||| INVOKING Heroism.
 19543 | D:14     | HP: 18/96 [skeletal warrior/+0 glaive (15)]
 19544 | D:14     | 19544 ||| READING 4 scrolls of teleportation.
 19545 | D:14     | 19545 ||| DRINKING 3 potions of heal wounds.
 19611 | D:14     | 19611 ||| FLEEEEING.
 19614 | D:14     | 19614 ||| STAIRDANCE
 19716 | D:13     | 19716 ||| DROPPING +4 ring of protection.
 19717 | D:13     | 19717 ||| UPGRADING to +6 ring of strength.
 19721 | D:14     | 19721 ||| Stepping ~*~*~tactically~*~*~ (hiding).
 19722 | D:14     | 19722 ||| Stepping ~*~*~tactically~*~*~ (hiding).
 19723 | D:14     | 19723 ||| Stepping ~*~*~tactically~*~*~ (hiding).
 19725 | D:14     | 19725 ||| INVOKING Heroism.
 19752 | D:14     | 19752 ||| Stepping ~*~*~tactically~*~*~ (hiding).
 19754 | D:14     | 19754 ||| Stepping ~*~*~tactically~*~*~ (hiding).
 20176 | D:15     | Entered Level 15 of the Dungeon
 20176 | D:15     | Noticed Rupert
 20177 | D:15     | 20177 ||| INVOKING Heroism.
 20192 | D:15     | 20192 ||| STAIRDANCE
 20200 | D:14     | HP: 17/96 [Rupert/+0 heavy great sword (13)]
 20201 | D:14     | 20201 ||| READING 4 scrolls of teleportation.
 20202 | D:14     | 20202 ||| DRINKING 2 potions of heal wounds.
 20206 | D:14     | Killed Rupert
 20389 | D:15     | 20389 ||| Stepping ~*~*~tactically~*~*~ (stealth).
 20430 | D:15     | Noticed Joseph
 20445 | D:15     | Killed Joseph
 20446 | D:15     | Reached skill level 12 in Shields
 20467 | D:15     | 20467 ||| INVOKING Heroism.
 20469 | D:15     | Paralysed by an ogre mage for 5 turns
 20632 | D:15     | 20632 ||| INVOKING Heroism.
 20778 | D:15     | 20778 ||| INVOKING Heroism.
 20779 | D:15     | 20779 ||| INVOKING Finesse.
 20848 | D:15     | Found a shadowy altar of Dithmenos.
 21009 | D:15     | Received a gift from Okawaru
 21172 | D:15     | 21172 ||| Stepping ~*~*~tactically~*~*~ (stealth).
 21208 | D:15     | Received a gift from Okawaru
 21289 | D:15     | 21289 ||| Stepping ~*~*~tactically~*~*~ (hiding).
 21293 | D:15     | 21293 ||| INVOKING Heroism.
 21324 | D:15     | Found a staircase to the Depths.
 21345 | D:15     | 21345 ||| PLANNING ORC
 21345 | D:15     | 21345 ||| READING 17 scrolls of identify.
 21345 | D:15     | 21345 ||| IDENTIFYING metallic green potion
 21472 | Orc:1    | Entered Level 1 of the Orcish Mines
 21475 | Orc:1    | 21475 ||| INVOKING Heroism.
 21476 | Orc:1    | 21476 ||| STAIRDANCE
 21478 | D:12     | 21478 ||| DRINKING 5 potions of curing.
 21478 | D:12     | 21478 ||| (to cure confusion)
 21500 | Orc:1    | 21500 ||| INVOKING Heroism.
 21503 | Orc:1    | Received a gift from Okawaru
 21694 | Orc:2    | Entered Level 2 of the Orcish Mines
 21694 | Orc:2    | Noticed Erolcha
 21695 | Orc:2    | 21695 ||| PLANNING GAUNTLET
 21700 | Orc:2    | 21700 ||| DRINKING 4 potions of curing.
 21700 | Orc:2    | 21700 ||| (to cure confusion)
 21705 | Orc:2    | Killed Erolcha
 21705 | Orc:2    | Received a gift from Okawaru
 21732 | Orc:2    | 21732 ||| INVOKING Heroism.
 21741 | Orc:2    | Received a gift from Okawaru
 21769 | Orc:2    | Found Xeinu's Armour Boutique.
 21769 | Orc:2    | Found Noroppea's Magic Scroll Emporium.
 21800 | Orc:2    | Found Rish's Jewellery Shop.
 21857 | Orc:2    | 21857 ||| Stepping ~*~*~tactically~*~*~ (stealth).
 21863 | Orc:2    | 21863 ||| Stepping ~*~*~tactically~*~*~ (stealth).
 21868 | Orc:2    | 21868 ||| Stepping ~*~*~tactically~*~*~ (hiding).
 21920 | Orc:2    | 21920 ||| Stepping ~*~*~tactically~*~*~ (hiding).
 21921 | Orc:2    | Found a gate leading to a gauntlet.
 21929 | Orc:2    | 21929 ||| INVOKING Heroism.
 21982 | Gauntlet | Entered a Gauntlet
 21982 | Gauntlet | Found a transporter.
 21982 | Gauntlet | Found a transporter.
 21986 | Gauntlet | Found a transporter.
 21987 | Gauntlet | Found a transporter.
 21988 | Gauntlet | Found a large runed translucent door.
 21989 | Gauntlet | Found a large runed translucent door.
 21990 | Gauntlet | Found a large runed translucent door.
 21990 | Gauntlet | Found a large runed translucent door.
 21990 | Gauntlet | Found a runed translucent door.
 21990 | Gauntlet | Found a runed translucent door.
 21991 | Gauntlet | Found a large runed translucent door.
 21992 | Gauntlet | Found a large runed translucent door.
 21993 | Gauntlet | Found a large runed translucent door.
 21993 | Gauntlet | Found a large runed translucent door.
 21994 | Gauntlet | Found a runed translucent gate.
 21994 | Gauntlet | Found a runed translucent gate.
 21994 | Gauntlet | Found a runed translucent gate.
 21996 | Gauntlet | Found a transporter.
 21996 | Gauntlet | Found a transporter.
 22006 | Gauntlet | Found a transporter.
 22006 | Gauntlet | Found a transporter.
 22046 | Gauntlet | Found a large runed translucent door.
 22047 | Gauntlet | Found a large runed translucent door.
 22049 | Gauntlet | Found a transporter.
 22054 | Gauntlet | Found a large runed translucent door.
 22055 | Gauntlet | Found a large runed translucent door.
 22071 | Gauntlet | Found a transporter.
 22091 | Gauntlet | Found a large runed translucent door.
 22091 | Gauntlet | Found a large runed translucent door.
 22092 | Gauntlet | Found a large runed translucent door.
 22093 | Gauntlet | Found a transporter.
 22093 | Gauntlet | Found a large runed translucent door.
 22133 | Gauntlet | Found a transporter.
 22151 | Gauntlet | Found a transporter.
 22251 | Gauntlet | Found a transporter.
 22267 | Gauntlet | Found a transporter.
 22281 | Gauntlet | Found a transporter.
 22357 | Gauntlet | 22357 ||| DRINKING 3 potions of curing.
 22357 | Gauntlet | 22357 ||| (to cure confusion)
 22363 | Gauntlet | 22363 ||| DRINKING 2 potions of curing.
 22363 | Gauntlet | 22363 ||| (to cure confusion)
 22365 | Gauntlet | 22365 ||| DRINKING potion of curing.
 22365 | Gauntlet | 22365 ||| (to cure confusion)
 22967 | Gauntlet | Gained mutation: You are dopey. (Int -2) [a shining eye]
 22981 | Gauntlet | 22981 ||| DROPPING amulet of magic regeneration.
 23035 | Gauntlet | Identified the +0 hat of Zin's Grace {*Slow Will+ Dex+3}
 23037 | Gauntlet | 23037 ||| DROPPING +0 hat of Zin's Grace {*Slow Will+
                  | Dex+3}.
 23087 | Gauntlet | 23087 ||| DROPPING +1 pair of gloves of stealth.
 23110 | Gauntlet | 23110 ||| INVOKING Heroism.
 23121 | Gauntlet | Received a gift from Okawaru
 23220 | Orc:2    | 23220 ||| PLANNING ORC
 23405 | Orc:2    | 23405 ||| INVOKING Heroism.
 23414 | Orc:2    | Reached XP level 16. HP: 97/101 MP: 21/23
 23587 | Orc:2    | Found a staircase to the Elven Halls.
 23671 | Orc:2    | 23671 ||| Stepping ~*~*~tactically~*~*~ (stealth).
 23673 | Orc:2    | 23673 ||| FLEEEEING.
 23674 | Orc:2    | 23674 ||| FLEEEEING.
 23675 | Orc:2    | 23675 ||| FLEEEEING.
 23676 | Orc:2    | 23676 ||| INVOKING Heroism.
 23761 | Orc:2    | 23761 ||| Stepping ~*~*~tactically~*~*~ (hiding).
 23762 | Orc:2    | 23762 ||| Stepping ~*~*~tactically~*~*~ (hiding).
 23920 | Orc:2    | Found Jerekh's Distillery.
 23924 | Orc:2    | 23924 ||| BUYING scroll of brand weapon (161 gold).
 23924 | Orc:2    | Bought a scroll of brand weapon for 161 gold pieces
 23924 | Orc:2    | 23924 ||| BUYING scroll of enchant weapon (127 gold).
 23924 | Orc:2    | Bought a scroll of enchant weapon for 127 gold pieces
 23924 | Orc:2    | 23924 ||| BUYING scroll of teleportation (51 gold).
 23924 | Orc:2    | Bought a scroll of teleportation for 51 gold pieces
 23924 | Orc:2    | 23924 ||| READING scroll of enchant weapon.
 23924 | Orc:2    | 23924 ||| ENCHANTING +2 vampiric war axe.
 23926 | Orc:2    | 23926 ||| BUYING +1 pair of gloves "Dacear" {-Tele +Inv
                  | Str+4} (348 gold).
 23926 | Orc:2    | Bought the +1 pair of gloves "Dacear" {-Tele +Inv Str+4}
                  | for 348 gold pieces
 23926 | Orc:2    | 23926 ||| BUYING +3 plate armour of cold resistance (630
                  | gold).
 23926 | Orc:2    | Bought a +3 plate armour of cold resistance for 630 gold
                  | pieces
 23933 | Orc:2    | 23933 ||| BUYING 2 potions of cancellation (256 gold).
 23933 | Orc:2    | Bought 2 potions of cancellation for 256 gold pieces
 23933 | Orc:2    | 23933 ||| BUYING potion of haste (160 gold).
 23933 | Orc:2    | Bought a potion of haste for 160 gold pieces
 23933 | Orc:2    | 23933 ||| BUYING potion of heal wounds (80 gold).
 23933 | Orc:2    | Bought a potion of heal wounds for 80 gold pieces
 23933 | Orc:2    | 23933 ||| BUYING potion of lignification (48 gold).
 23933 | Orc:2    | Bought a potion of lignification for 48 gold pieces
 23933 | Orc:2    | 23933 ||| BUYING potion of might (64 gold).
 23933 | Orc:2    | Bought a potion of might for 64 gold pieces
 23936 | Orc:2    | 23936 ||| Stepping ~*~*~tactically~*~*~ (hiding).
 24007 | Orc:2    | 24007 ||| PLANNING SNAKE:1-3
 24210 | Snake:1  | Entered Level 1 of the Snake Pit
 24213 | Snake:1  | 24213 ||| Stepping ~*~*~tactically~*~*~ (hiding).
 24214 | Snake:1  | 24214 ||| Stepping ~*~*~tactically~*~*~ (hiding).
 24215 | Snake:1  | 24215 ||| Stepping ~*~*~tactically~*~*~ (hiding).
 24217 | Snake:1  | 24217 ||| Stepping ~*~*~tactically~*~*~ (hiding).
 24218 | Snake:1  | 24218 ||| INVOKING Heroism.
 24394 | Snake:1  | Received a gift from Okawaru
 24595 | Snake:1  | 24595 ||| INVOKING Heroism.
 24687 | Snake:1  | 24687 ||| INVOKING Heroism.
 24962 | Snake:1  | 24962 ||| READING 18 scrolls of identify.
 24962 | Snake:1  | 24962 ||| IDENTIFYING glowing black potion
 24963 | Snake:1  | 24963 ||| DROPPING potion of berserk rage.
 25017 | Snake:2  | 25017 ||| Stepping ~*~*~tactically~*~*~ (stealth).
 25017 | Snake:2  | Noticed Aizul
 25018 | Snake:2  | 25018 ||| INVOKING Heroism.
 25049 | Snake:2  | Killed Aizul
 25059 | Snake:2  | 25059 ||| Stepping ~*~*~tactically~*~*~ (hiding).
 25064 | Snake:2  | Noticed a nagaraja
 25069 | Snake:2  | 25069 ||| INVOKING Heroism.
 25083 | Snake:2  | Killed a nagaraja
 25169 | Snake:2  | 25169 ||| INVOKING Heroism.
 25173 | Snake:2  | Received a gift from Okawaru
 25270 | Snake:2  | 25270 ||| Stepping ~*~*~tactically~*~*~ (hiding).
 25318 | Snake:2  | Reached skill level 13 in Fighting
 25363 | Snake:2  | Found a transporter.
 25370 | Snake:2  | Found a transporter.
 25374 | Snake:2  | Noticed Nikola
 25375 | Snake:2  | 25375 ||| INVOKING Heroism.
 25378 | Snake:2  | 25378 ||| Stepping ~*~*~tactically~*~*~ (hiding).
 25388 | Snake:2  | Killed Nikola
 25417 | Snake:2  | Noticed a nagaraja
 25433 | Snake:2  | 25433 ||| INVOKING Heroism.
 25437 | Snake:2  | Killed a nagaraja
 25524 | Snake:2  | Found a transporter.
 25525 | Snake:2  | Found a transporter.
 25540 | Snake:2  | Found Bunwurgh's Magic Scroll Shop.
 25548 | Snake:2  | 25548 ||| BUYING scroll of brand weapon (114 gold).
 25548 | Snake:2  | Bought a scroll of brand weapon for 114 gold pieces
 25548 | Snake:2  | 25548 ||| BUYING scroll of enchant armour (90 gold).
 25548 | Snake:2  | Bought a scroll of enchant armour for 90 gold pieces
 25548 | Snake:2  | 25548 ||| BUYING scroll of enchant armour (90 gold).
 25548 | Snake:2  | Bought a scroll of enchant armour for 90 gold pieces
 25548 | Snake:2  | 25548 ||| BUYING scroll of teleportation (36 gold).
 25548 | Snake:2  | Bought a scroll of teleportation for 36 gold pieces
 25548 | Snake:2  | 25548 ||| READING 2 scrolls of enchant armour.
 25548 | Snake:2  | 25548 ||| ENCHANTING +0 gold dragon scales.
 25549 | Snake:2  | 25549 ||| READING scroll of enchant armour.
 25549 | Snake:2  | 25549 ||| ENCHANTING +1 gold dragon scales.
 25624 | Snake:2  | 25624 ||| Stepping ~*~*~tactically~*~*~ (hiding).
 25626 | Snake:2  | 25626 ||| Stepping ~*~*~tactically~*~*~ (hiding).
 25654 | Snake:2  | Found a transporter.
 25658 | Snake:2  | Found a transporter.
 25670 | Snake:2  | 25670 ||| Stepping ~*~*~tactically~*~*~ (hiding).
 25690 | Snake:2  | 25690 ||| Stepping ~*~*~tactically~*~*~ (hiding).
 25714 | Snake:2  | Received a gift from Okawaru
 25719 | Snake:2  | Reached skill level 15 in Armour
 25841 | Snake:2  | 25841 ||| DROPPING +3 plate armour of cold resistance.
 25842 | Snake:2  | 25842 ||| UPGRADING to +0 tower shield of fire resistance.
 25852 | Snake:2  | 25852 ||| DROPPING +0 kite shield.
 25919 | Snake:3  | 25919 ||| Stepping ~*~*~tactically~*~*~ (hiding).
 25942 | Snake:3  | 25942 ||| Stepping ~*~*~tactically~*~*~ (stealth).
 25944 | Snake:3  | Noticed Azrael
 25945 | Snake:3  | 25945 ||| Stepping ~*~*~tactically~*~*~ (hiding).
 25952 | Snake:3  | 25952 ||| INVOKING Heroism.
 25954 | Snake:3  | 25954 ||| INVOKING Finesse.
 25987 | Snake:3  | Killed Azrael
 25987 | Snake:3  | Identified the +0 hat "Yraemabi" {rCorr Int+3 SInv Stlth-}
                  | (Okawaru gifted it to you on level 3 of the Snake Pit)
 25987 | Snake:3  | Received a gift from Okawaru
 26056 | Snake:3  | 26056 ||| Stepping ~*~*~tactically~*~*~ (stealth).
 26169 | Snake:3  | 26169 ||| Stepping ~*~*~tactically~*~*~ (hiding).
 26178 | Snake:3  | 26178 ||| INVOKING Heroism.
 26244 | Snake:3  | Found Alumnuc's Magic Scroll Shoppe.
 26253 | Snake:3  | 26253 ||| INVOKING Heroism.
 26426 | Snake:3  | Noticed a nagaraja
 26427 | Snake:3  | 26427 ||| INVOKING Heroism.
 26444 | Snake:3  | Killed a nagaraja
 26480 | Snake:3  | Found Ikaddon's Assorted Antiques.
 26486 | Snake:3  | 26486 ||| Stepping ~*~*~tactically~*~*~ (hiding).
 26489 | Snake:3  | 26489 ||| Stepping ~*~*~tactically~*~*~ (stealth).
 26500 | Snake:3  | 26500 ||| BUYING potion of curing (111 gold).
 26500 | Snake:3  | Bought a potion of curing for 111 gold pieces
 26500 | Snake:3  | 26500 ||| SHOPLISTING scroll of brand weapon (351 gold,
                  | have 41).
 26516 | Snake:3  | 26516 ||| INVOKING Heroism.
 26571 | Snake:3  | 26571 ||| INVOKING Heroism.
 26605 | Snake:3  | 26605 ||| Stepping ~*~*~tactically~*~*~ (hiding).
 26718 | Snake:3  | Found Netacw's Assorted Antiques.
 26743 | Snake:3  | 26743 ||| SHOPLISTING transparent bronze ring (170 gold,
                  | have 58).
 26743 | Snake:3  | 26743 ||| SHOPLISTING wand of digging (8) (1142 gold, have
                  | 58).
 26763 | Snake:3  | Found Uneu's Magic Scroll Emporium.
 26770 | Snake:3  | 26770 ||| SHOPLISTING scroll of acquirement (780 gold, have
                  | 58).
 26770 | Snake:3  | 26770 ||| SHOPLISTING scroll of enchant armour (112 gold,
                  | have 58).
 26770 | Snake:3  | 26770 ||| SHOPLISTING scroll of enchant weapon (112 gold,
                  | have 58).
 26770 | Snake:3  | 26770 ||| BUYING scroll of teleportation (45 gold).
 26770 | Snake:3  | Bought a scroll of teleportation for 45 gold pieces
 26771 | Snake:3  | Found Gucs's Antique Armour Emporium.
 26780 | Snake:3  | 26780 ||| SHOPLISTING runed cloak (285 gold, have 13).
 26780 | Snake:3  | 26780 ||| SHOPLISTING runed helmet (285 gold, have 13).
 26825 | Snake:3  | 26825 ||| Stepping ~*~*~tactically~*~*~ (hiding).
 27300 | Snake:3  | 27300 ||| Stepping ~*~*~tactically~*~*~ (hiding).
 27323 | Snake:3  | Reached XP level 17. HP: 100/108 MP: 24/24
 27398 | Snake:3  | 27398 ||| PLANNING SWAMP:1-3
 27398 | Snake:3  | 27398 ||| UPGRADING to +0 hat "Yraemabi" {rCorr Int+3 SInv
                  | Stlth-}.
 27408 | Snake:3  | 27408 ||| UPGRADING to +2 tower shield of reflection.
 27418 | Snake:3  | 27418 ||| DROPPING +1 tower shield of reflection.
 27512 | Swamp:1  | Entered Level 1 of the Swamp
 27556 | Swamp:1  | 27556 ||| INVOKING Heroism.
 27565 | Swamp:1  | Reached skill level 15 in Shields
 27607 | Swamp:1  | 27607 ||| INVOKING Heroism.
 27659 | Swamp:1  | 27659 ||| READING scroll of enchant weapon.
 27659 | Swamp:1  | 27659 ||| ENCHANTING +3 vampiric war axe.
 27674 | Swamp:1  | Identified Roxanne's Reference Book on Earth
 27674 | Swamp:1  | Noticed Roxanne
 27675 | Swamp:1  | 27675 ||| INVOKING Heroism.
 27693 | Swamp:1  | Killed Roxanne
 27693 | Swamp:1  | Received a gift from Okawaru
 27924 | Swamp:1  | 27924 ||| Stepping ~*~*~tactically~*~*~ (hiding).
 27996 | Swamp:1  | 27996 ||| Stepping ~*~*~tactically~*~*~ (hiding).
 28228 | Swamp:2  | 28228 ||| INVOKING Heroism.
 28235 | Swamp:2  | 28235 ||| SWAPPING to +0 morningstar.
 28258 | Swamp:2  | 28258 ||| UPGRADING to +2 heavy broad axe.
 28259 | Swamp:2  | 28259 ||| UPGRADING to +4 vampiric war axe.
 28275 | Swamp:2  | Identified the +0 ring mail of the Dwarven Hall {rC++
                  | Regen+ Str+3}
 28277 | Swamp:2  | 28277 ||| Stepping ~*~*~tactically~*~*~ (hiding).
 28278 | Swamp:2  | 28278 ||| Stepping ~*~*~tactically~*~*~ (hiding).
 28289 | Swamp:2  | 28289 ||| Stepping ~*~*~tactically~*~*~ (hiding).
 28290 | Swamp:2  | 28290 ||| INVOKING Heroism.
 28379 | Swamp:2  | 28379 ||| Stepping ~*~*~tactically~*~*~ (hiding).
 28562 | Swamp:2  | 28562 ||| READING scroll of acquirement.
 28562 | Swamp:2  | 28562 ||| ACQUIRING 1125 gold pieces
 28562 | Swamp:2  | Acquired 1125 gold pieces
 28582 | Swamp:2  | Noticed a tentacled monstrosity
 28583 | Swamp:2  | 28583 ||| INVOKING Heroism.
 28596 | Swamp:2  | Killed a tentacled monstrosity
 28730 | Swamp:2  | 28730 ||| Stepping ~*~*~tactically~*~*~ (hiding).
 28789 | Swamp:2  | 28789 ||| INVOKING Heroism.
 28793 | Swamp:2  | 28793 ||| SWAPPING to +0 morningstar.
 28796 | Swamp:2  | 28796 ||| UPGRADING to +2 heavy broad axe.
 28797 | Swamp:2  | 28797 ||| UPGRADING to +4 vampiric war axe.
 28804 | Swamp:2  | 28804 ||| Stepping ~*~*~tactically~*~*~ (hiding).
 29163 | Swamp:2  | 29163 ||| UPGRADING to +1 pair of boots.
 29173 | Swamp:2  | 29173 ||| DROPPING +0 pair of boots.
 29311 | Swamp:3  | 29311 ||| INVOKING Heroism.
 29314 | Swamp:3  | 29314 ||| SWAPPING to +0 morningstar.
 29333 | Swamp:3  | Received a gift from Okawaru
 29455 | Swamp:3  | 29455 ||| UPGRADING to +2 heavy broad axe.
 29456 | Swamp:3  | 29456 ||| UPGRADING to +4 vampiric war axe.
 29532 | Swamp:3  | 29532 ||| READING scroll of enchant armour.
 29532 | Swamp:3  | 29532 ||| ENCHANTING +2 gold dragon scales.
 29743 | Swamp:3  | 29743 ||| Stepping ~*~*~tactically~*~*~ (hiding).
 29783 | Swamp:3  | 29783 ||| INVOKING Heroism.
 29809 | Swamp:3  | Noticed qw's ghost (adept GrFi)
 29810 | Swamp:3  | Noticed an Executioner
 29813 | Swamp:3  | 29813 ||| Stepping ~*~*~tactically~*~*~ (hiding).
 29829 | Swamp:3  | 29829 ||| INVOKING Heroism.
 29863 | Swamp:3  | 29863 ||| INVOKING Heroism.
 29864 | Swamp:3  | Identified the ring of Meclauwk {Fly Will+ Slay+2}
 29914 | Swamp:3  | Found a transporter.
 29914 | Swamp:3  | Found a one-way gate to the infinite horrors of the Abyss.
 30056 | Swamp:3  | 30056 ||| INVOKING Heroism.
 30060 | Swamp:3  | 30060 ||| SWAPPING to +0 morningstar.
 30066 | Swamp:3  | 30066 ||| UPGRADING to +2 heavy broad axe.
 30067 | Swamp:3  | 30067 ||| UPGRADING to +4 vampiric war axe.
 30076 | Swamp:3  | Identified the +1 hand axe of Qazlal's Whim {drain, *Rage
                  | SInv Stlth+}
 30241 | Swamp:3  | 30241 ||| PLANNING SNAKE:4
 30241 | Swamp:3  | 30241 ||| DROPPING ring of willpower.
 30393 | Snake:4  | Entered Level 4 of the Snake Pit
 30408 | Snake:4  | Found Ocegoucs's Magic Scroll Emporium.
 30410 | Snake:4  | Found Unezxiuh's Assorted Antiques.
 30410 | Snake:4  | Found Muren's Antique Weapon Shoppe.
 30414 | Snake:4  | Found Uplipsis's General Store.
 30416 | Snake:4  | 30416 ||| BUYING scroll of enchant armour (112 gold).
 30416 | Snake:4  | Bought a scroll of enchant armour for 112 gold pieces
 30416 | Snake:4  | 30416 ||| BUYING scroll of enchant armour (112 gold).
 30416 | Snake:4  | Bought a scroll of enchant armour for 112 gold pieces
 30416 | Snake:4  | 30416 ||| READING 2 scrolls of enchant armour.
 30416 | Snake:4  | 30416 ||| ENCHANTING +3 gold dragon scales.
 30417 | Snake:4  | 30417 ||| READING scroll of enchant armour.
 30417 | Snake:4  | 30417 ||| ENCHANTING +4 gold dragon scales.
 30421 | Snake:4  | 30421 ||| BUYING potion of cancellation (304 gold).
 30421 | Snake:4  | Bought a potion of cancellation for 304 gold pieces
 30421 | Snake:4  | 30421 ||| BUYING scroll of enchant armour (285 gold).
 30421 | Snake:4  | Bought a scroll of enchant armour for 285 gold pieces
 30421 | Snake:4  | 30421 ||| READING scroll of enchant armour.
 30421 | Snake:4  | 30421 ||| ENCHANTING +5 gold dragon scales.
 30425 | Snake:4  | 30425 ||| BUYING +0 morningstar of draining (193 gold).
 30425 | Snake:4  | Bought a +0 morningstar of draining for 193 gold pieces
 30425 | Snake:4  | 30425 ||| BUYING potion of magic (168 gold).
 30425 | Snake:4  | Bought a potion of magic for 168 gold pieces
 30425 | Snake:4  | 30425 ||| BUYING scroll of teleportation (63 gold).
 30425 | Snake:4  | Bought a scroll of teleportation for 63 gold pieces
 30466 | Snake:4  | 30466 ||| Stepping ~*~*~tactically~*~*~ (hiding).
 30819 | Snake:4  | 30819 ||| INVOKING Heroism.
 30861 | Snake:4  | 30861 ||| Stepping ~*~*~tactically~*~*~ (hiding).
 30871 | Snake:4  | Received a gift from Okawaru
 30883 | Snake:4  | 30883 ||| INVOKING Heroism.
 30907 | Snake:4  | Received a gift from Okawaru
 31026 | Snake:4  | 31026 ||| Stepping ~*~*~tactically~*~*~ (hiding).
 31030 | Snake:4  | 31030 ||| Stepping ~*~*~tactically~*~*~ (hiding).
 31032 | Snake:4  | 31032 ||| Stepping ~*~*~tactically~*~*~ (hiding).
 31145 | Snake:4  | 31145 ||| DROPPING +0 morningstar of draining.
 31146 | Snake:4  | 31146 ||| DROPPING +0 morningstar.
 31159 | Snake:4  | 31159 ||| INVOKING Heroism.
 31197 | Snake:4  | 31197 ||| INVOKING Heroism.
 31210 | Snake:4  | Received a gift from Okawaru
 31211 | Snake:4  | Reached skill level 14 in Fighting
 31246 | Snake:4  | Reached skill level 18 in Shields
 31259 | Snake:4  | 31259 ||| Stepping ~*~*~tactically~*~*~ (stealth).
 31260 | Snake:4  | 31260 ||| INVOKING Heroism.
 31295 | Snake:4  | Reached XP level 18. HP: 102/116 MP: 25/25
 31309 | Snake:4  | 31309 ||| Stepping ~*~*~tactically~*~*~ (stealth).
 31314 | Snake:4  | 31314 ||| INVOKING Heroism.
 31327 | Snake:4  | Received a gift from Okawaru
 31351 | Snake:4  | 31351 ||| DROPPING +1 morningstar of protection.
 31388 | Snake:4  | 31388 ||| INVOKING Heroism.
 31514 | Snake:4  | Got a serpentine rune of Zot
 31556 | Snake:4  | 31556 ||| INVOKING Heroism.
 31575 | Snake:4  | Identified the +6 chain mail of Fortification {*Slow rElec
                  | rPois Int+8} (Okawaru gifted it to you on level 4 of the
                  | Snake Pit)
 31575 | Snake:4  | Received a gift from Okawaru
 31713 | Snake:4  | 31713 ||| PLANNING VAULTS:1-4
 31713 | Snake:4  | 31713 ||| UPGRADING to scarf of resistance.
 31723 | Snake:4  | 31723 ||| DROPPING +6 ring of intelligence.
 31996 | Vaults:1 | Entered Level 1 of the Vaults
 32028 | Vaults:1 | 32028 ||| Stepping ~*~*~tactically~*~*~ (stealth).
 32082 | Vaults:1 | You are sucked into a shaft and drop 1 floor!
 32102 | Vaults:2 | 32102 ||| Stepping ~*~*~tactically~*~*~ (hiding).
 32119 | Vaults:2 | 32119 ||| Stepping ~*~*~tactically~*~*~ (hiding).
 32231 | Vaults:2 | Noticed a bone dragon
 32260 | Vaults:2 | Killed a bone dragon
 32341 | Vaults:2 | Found a staircase to the Crypt.
 32386 | Vaults:1 | Noticed a lich
 32387 | Vaults:1 | 32387 ||| Stepping ~*~*~tactically~*~*~ (hiding).
 32393 | Vaults:1 | 32393 ||| Stepping ~*~*~tactically~*~*~ (hiding).
 32395 | Vaults:1 | 32395 ||| INVOKING Heroism.
 32396 | Vaults:1 | 32396 ||| INVOKING Finesse.
 32404 | Vaults:1 | Killed a lich
 32413 | Vaults:1 | Reached skill level 15 in Fighting
 32523 | Abyss:2  | Cast into level 2 of the Abyss (a wizard)
 32556 | Abyss:2  | Found a corrupted altar of Lugonu.
 32572 | Abyss:2  | 32572 ||| Stepping ~*~*~tactically~*~*~ (stealth).
 32592 | Abyss:2  | 32592 ||| Stepping ~*~*~tactically~*~*~ (hiding).
 32607 | Abyss:2  | 32607 ||| INVOKING Heroism.
 32620 | Abyss:2  | 32620 ||| Stepping ~*~*~tactically~*~*~ (stealth).
 32634 | Abyss:2  | 32634 ||| Stepping ~*~*~tactically~*~*~ (stealth).
 32635 | Abyss:2  | 32635 ||| Stepping ~*~*~tactically~*~*~ (stealth).
 32670 | Abyss:2  | 32670 ||| Stepping ~*~*~tactically~*~*~ (stealth).
 32671 | Abyss:2  | 32671 ||| Stepping ~*~*~tactically~*~*~ (stealth).
 32672 | Abyss:2  | 32672 ||| Stepping ~*~*~tactically~*~*~ (stealth).
 32676 | Abyss:2  | 32676 ||| Stepping ~*~*~tactically~*~*~ (stealth).
 32679 | Abyss:2  | 32679 ||| Stepping ~*~*~tactically~*~*~ (stealth).
 32680 | Abyss:2  | 32680 ||| Stepping ~*~*~tactically~*~*~ (stealth).
 32686 | Abyss:2  | 32686 ||| Stepping ~*~*~tactically~*~*~ (stealth).
 32688 | Abyss:2  | 32688 ||| Stepping ~*~*~tactically~*~*~ (stealth).
 32694 | Abyss:2  | 32694 ||| Stepping ~*~*~tactically~*~*~ (stealth).
 32695 | Abyss:2  | 32695 ||| Stepping ~*~*~tactically~*~*~ (hiding).
 32697 | Abyss:2  | 32697 ||| Stepping ~*~*~tactically~*~*~ (hiding).
 32700 | Abyss:2  | 32700 ||| Stepping ~*~*~tactically~*~*~ (stealth).
 32722 | Abyss:2  | 32722 ||| INVOKING Heroism.
 32737 | Abyss:2  | 32737 ||| Stepping ~*~*~tactically~*~*~ (stealth).
 32749 | Abyss:2  | 32749 ||| INVOKING Heroism.
 32778 | Abyss:2  | HP: 26/119 [starcursed mass/accursed screaming (5)]
 32779 | Abyss:2  | 32779 ||| READING 10 scrolls of teleportation.
 32780 | Abyss:2  | 32780 ||| DRINKING 4 potions of heal wounds.
 33001 | Abyss:2  | 33001 ||| Stepping ~*~*~tactically~*~*~ (hiding).
 33023 | Abyss:2  | Received a gift from Okawaru
 33028 | Abyss:2  | 33028 ||| Stepping ~*~*~tactically~*~*~ (stealth).
 33029 | Abyss:2  | 33029 ||| Stepping ~*~*~tactically~*~*~ (stealth).
 33034 | Abyss:2  | 33034 ||| Stepping ~*~*~tactically~*~*~ (stealth).
 33035 | Abyss:2  | 33035 ||| Stepping ~*~*~tactically~*~*~ (stealth).
 33051 | Abyss:2  | 33051 ||| Stepping ~*~*~tactically~*~*~ (stealth).
 33062 | Abyss:2  | 33062 ||| Stepping ~*~*~tactically~*~*~ (stealth).
 33063 | Abyss:2  | 33063 ||| Stepping ~*~*~tactically~*~*~ (stealth).
 33124 | Abyss:2  | 33124 ||| Stepping ~*~*~tactically~*~*~ (stealth).
 33159 | Abyss:2  | Identified the +1 quarterstaff "Wuhic" {vamp, Str+4 Int+3}
                  | (Okawaru gifted it to you on level 2 of the Abyss)
 33159 | Abyss:2  | Received a gift from Okawaru
 33229 | Abyss:2  | 33229 ||| Stepping ~*~*~tactically~*~*~ (stealth).
 33235 | Abyss:2  | 33235 ||| Stepping ~*~*~tactically~*~*~ (stealth).
 33250 | Abyss:2  | 33250 ||| Stepping ~*~*~tactically~*~*~ (stealth).
 33258 | Abyss:2  | 33258 ||| Stepping ~*~*~tactically~*~*~ (hiding).
 33292 | Abyss:2  | 33292 ||| Stepping ~*~*~tactically~*~*~ (stealth).
 33293 | Abyss:2  | 33293 ||| Stepping ~*~*~tactically~*~*~ (stealth).
 33294 | Abyss:2  | 33294 ||| Stepping ~*~*~tactically~*~*~ (stealth).
 33326 | Abyss:2  | 33326 ||| Stepping ~*~*~tactically~*~*~ (stealth).
 33328 | Abyss:2  | 33328 ||| Stepping ~*~*~tactically~*~*~ (stealth).
 33339 | Abyss:2  | 33339 ||| Stepping ~*~*~tactically~*~*~ (stealth).
 33340 | Abyss:2  | 33340 ||| Stepping ~*~*~tactically~*~*~ (stealth).
 33345 | Abyss:2  | 33345 ||| Stepping ~*~*~tactically~*~*~ (stealth).
 33347 | Abyss:2  | 33347 ||| Stepping ~*~*~tactically~*~*~ (stealth).
 33349 | Abyss:2  | 33349 ||| Stepping ~*~*~tactically~*~*~ (hiding).
 33352 | Abyss:2  | 33352 ||| Stepping ~*~*~tactically~*~*~ (stealth).
 33368 | Vaults:1 | Escaped the Abyss
 33543 | Vaults:1 | Found Foogemed's Weapon Shoppe.
 33549 | Vaults:1 | 33549 ||| INVOKING Heroism.
 33550 | Vaults:1 | 33550 ||| INVOKING Finesse.
 33715 | Vaults:1 | Received a gift from Okawaru
 33838 | Vaults:1 | Reached skill level 9 in Throwing
 33854 | Vaults:1 | Reached skill level 16 in Fighting
 33870 | Vaults:1 | 33870 ||| INVOKING Heroism.
 33883 | Vaults:1 | Received a gift from Okawaru
 33884 | Vaults:1 | Reached XP level 19. HP: 55/125 MP: 26/26
 33952 | Vaults:1 | 33952 ||| INVOKING Heroism.
 34281 | Vaults:1 | 34281 ||| Stepping ~*~*~tactically~*~*~ (hiding).
 34562 | Vaults:1 | 34562 ||| Stepping ~*~*~tactically~*~*~ (stealth).
 34564 | Vaults:1 | 34564 ||| Stepping ~*~*~tactically~*~*~ (stealth).
 34696 | Vaults:1 | 34696 ||| DROPPING scarf of invisibility.
 34752 | Vaults:2 | 34752 ||| READING scroll of acquirement.
 34752 | Vaults:2 | 34752 ||| ACQUIRING 995 gold pieces
 34752 | Vaults:2 | Acquired 995 gold pieces
 34776 | Vaults:2 | 34776 ||| Stepping ~*~*~tactically~*~*~ (hiding).
 34777 | Vaults:2 | 34777 ||| Stepping ~*~*~tactically~*~*~ (hiding).
 34778 | Vaults:2 | 34778 ||| Stepping ~*~*~tactically~*~*~ (hiding).
 34779 | Vaults:2 | 34779 ||| Stepping ~*~*~tactically~*~*~ (hiding).
 34824 | Vaults:2 | Noticed Mara
 34824 | Vaults:2 | 34824 ||| INVOKING Heroism.
 34825 | Vaults:2 | 34825 ||| INVOKING Finesse.
 34847 | Vaults:2 | Noticed qw's illusion
 34895 | Vaults:2 | Killed Mara
 34924 | Vaults:2 | 34924 ||| Stepping ~*~*~tactically~*~*~ (hiding).
 34925 | Vaults:2 | 34925 ||| Stepping ~*~*~tactically~*~*~ (hiding).
 34926 | Vaults:2 | 34926 ||| Stepping ~*~*~tactically~*~*~ (hiding).
 35202 | Vaults:2 | Found Kesabim's Antique Armour Shop.
 35244 | Vaults:2 | 35244 ||| Stepping ~*~*~tactically~*~*~ (stealth).
 35378 | Vaults:2 | 35378 ||| Stepping ~*~*~tactically~*~*~ (hiding).
 35411 | Vaults:2 | Reached skill level 17 in Fighting
 35446 | Vaults:2 | 35446 ||| Stepping ~*~*~tactically~*~*~ (hiding).
 35449 | Vaults:2 | 35449 ||| Stepping ~*~*~tactically~*~*~ (hiding).
 35451 | Vaults:2 | 35451 ||| INVOKING Heroism.
 35452 | Vaults:2 | 35452 ||| INVOKING Finesse.
 35454 | Vaults:2 | 35454 ||| Stepping ~*~*~tactically~*~*~ (hiding).
 35455 | Vaults:2 | 35455 ||| Stepping ~*~*~tactically~*~*~ (hiding).
 35628 | Vaults:2 | 35628 ||| FLEEEEING.
 35629 | Vaults:2 | 35629 ||| FLEEEEING.
 35925 | Vaults:2 | 35925 ||| FLEEEEING.
 35926 | Vaults:2 | 35926 ||| FLEEEEING.
 35927 | Vaults:2 | 35927 ||| FLEEEEING.
 35928 | Vaults:2 | 35928 ||| FLEEEEING.
 35929 | Vaults:2 | 35929 ||| FLEEEEING.
 35930 | Vaults:2 | 35930 ||| FLEEEEING.
 35931 | Vaults:2 | 35931 ||| FLEEEEING.
 35932 | Vaults:2 | 35932 ||| FLEEEEING.
 35935 | Vaults:2 | 35935 ||| FLEEEEING.
 35936 | Vaults:2 | 35936 ||| FLEEEEING.
 35937 | Vaults:2 | 35937 ||| FLEEEEING.
 35938 | Vaults:2 | 35938 ||| FLEEEEING.
 35939 | Vaults:2 | 35939 ||| FLEEEEING.
 35945 | Vaults:2 | 35945 ||| FLEEEEING.
 35946 | Vaults:2 | 35946 ||| FLEEEEING.
 35947 | Vaults:2 | 35947 ||| FLEEEEING.
 35948 | Vaults:2 | 35948 ||| FLEEEEING.
 35949 | Vaults:2 | 35949 ||| FLEEEEING.
 35950 | Vaults:2 | 35950 ||| FLEEEEING.
 35951 | Vaults:2 | 35951 ||| FLEEEEING.
 35952 | Vaults:2 | 35952 ||| FLEEEEING.
 35953 | Vaults:2 | 35953 ||| FLEEEEING.
 35954 | Vaults:2 | 35954 ||| FLEEEEING.
 35960 | Vaults:2 | 35960 ||| FLEEEEING.
 35961 | Vaults:2 | 35961 ||| FLEEEEING.
 35962 | Vaults:2 | 35962 ||| FLEEEEING.
 35963 | Vaults:2 | 35963 ||| FLEEEEING.
 35964 | Vaults:2 | 35964 ||| STAIRDANCE
 36001 | Vaults:2 | 36001 ||| FLEEEEING.
 36002 | Vaults:2 | 36002 ||| FLEEEEING.
 36003 | Vaults:2 | 36003 ||| FLEEEEING.
 36004 | Vaults:2 | 36004 ||| STAIRDANCE
 36145 | Vaults:2 | 36145 ||| READING scroll of enchant armour.
 36145 | Vaults:2 | 36145 ||| ENCHANTING +6 gold dragon scales.
 36237 | Vaults:2 | Received a gift from Okawaru
 36573 | Vaults:3 | 36573 ||| Stepping ~*~*~tactically~*~*~ (stealth).
 36574 | Vaults:3 | 36574 ||| Stepping ~*~*~tactically~*~*~ (hiding).
 36575 | Vaults:3 | 36575 ||| Stepping ~*~*~tactically~*~*~ (hiding).
 36576 | Vaults:3 | 36576 ||| Stepping ~*~*~tactically~*~*~ (hiding).
 36616 | Vaults:3 | 36616 ||| DRINKING 6 potions of curing.
 36616 | Vaults:3 | 36616 ||| (to cure confusion)
 36702 | Vaults:3 | Identified the +1 pair of gloves of Bitterness {+Blink
                  | Stlth+} (Okawaru gifted it to you on level 3 of the Vaults)
 36702 | Vaults:3 | Received a gift from Okawaru
 36769 | Vaults:3 | Reached skill level 18 in Armour
 36771 | Vaults:3 | 36771 ||| Stepping ~*~*~tactically~*~*~ (stealth).
 36780 | Vaults:3 | 36780 ||| INVOKING Heroism.
 36885 | Vaults:3 | 36885 ||| Stepping ~*~*~tactically~*~*~ (hiding).
 36914 | Vaults:3 | 36914 ||| Stepping ~*~*~tactically~*~*~ (stealth).
 37039 | Vaults:3 | 37039 ||| READING scroll of enchant armour.
 37039 | Vaults:3 | 37039 ||| ENCHANTING +7 gold dragon scales.
 37205 | Vaults:3 | Reached XP level 20. HP: 114/134 MP: 27/27
 37236 | Vaults:3 | Reached ****** piety under Okawaru
 37237 | Vaults:3 | 37237 ||| INVOKING Heroism.
 37253 | Vaults:3 | 37253 ||| INVOKING Finesse.
 37257 | Vaults:3 | Identified the +8 falchion of Copuc {venom, Int+4} (Okawaru
                  | gifted it to you on level 3 of the Vaults)
 37257 | Vaults:3 | Received a gift from Okawaru
 37263 | Vaults:3 | 37263 ||| INVOKING Heroism.
 37269 | Vaults:3 | Reached skill level 18 in Fighting
 37797 | Vaults:3 | 37797 ||| Stepping ~*~*~tactically~*~*~ (hiding).
 37798 | Vaults:3 | 37798 ||| Stepping ~*~*~tactically~*~*~ (hiding).
 37802 | Vaults:3 | 37802 ||| Stepping ~*~*~tactically~*~*~ (hiding).
 37803 | Vaults:3 | 37803 ||| Stepping ~*~*~tactically~*~*~ (hiding).
 37813 | Vaults:3 | 37813 ||| FLEEEEING.
 37814 | Vaults:3 | 37814 ||| FLEEEEING.
 37815 | Vaults:3 | 37815 ||| FLEEEEING.
 37817 | Vaults:3 | 37817 ||| FLEEEEING.
 37818 | Vaults:3 | 37818 ||| FLEEEEING.
 37819 | Vaults:3 | 37819 ||| FLEEEEING.
 37820 | Vaults:3 | 37820 ||| FLEEEEING.
 37821 | Vaults:3 | 37821 ||| FLEEEEING.
 37822 | Vaults:3 | 37822 ||| FLEEEEING.
 37823 | Vaults:3 | 37823 ||| FLEEEEING.
 37829 | Vaults:3 | 37829 ||| FLEEEEING.
 37830 | Vaults:3 | 37830 ||| FLEEEEING.
 37831 | Vaults:3 | 37831 ||| FLEEEEING.
 37832 | Vaults:3 | 37832 ||| FLEEEEING.
 37833 | Vaults:3 | 37833 ||| FLEEEEING.
 37834 | Vaults:3 | 37834 ||| FLEEEEING.
 37835 | Vaults:3 | 37835 ||| FLEEEEING.
 37836 | Vaults:3 | 37836 ||| FLEEEEING.
 37837 | Vaults:3 | 37837 ||| FLEEEEING.
 37838 | Vaults:3 | 37838 ||| FLEEEEING.
 37839 | Vaults:3 | 37839 ||| FLEEEEING.
 37840 | Vaults:3 | 37840 ||| FLEEEEING.
 37841 | Vaults:3 | 37841 ||| FLEEEEING.
 37842 | Vaults:3 | 37842 ||| FLEEEEING.
 37845 | Vaults:3 | 37845 ||| STAIRDANCE
 38047 | Vaults:2 | 38047 ||| DROPPING +1 pair of gloves of Bitterness {+Blink
                  | Stlth+}.
 38052 | Vaults:3 | 38052 ||| STAIRDANCE
 38156 | Vaults:3 | 38156 ||| STAIRDANCE
 38270 | Vaults:3 | 38270 ||| STAIRDANCE
 38474 | Vaults:3 | Identified the +10 gold dragon scales of Resilience {rPois
                  | rF+ rC+ Will- Dex+7 Slay+5}
 38587 | Vaults:3 | 38587 ||| INVOKING Heroism.
 38590 | Vaults:3 | Paralysed by a great orb of eyes for 4 turns
 38595 | Vaults:3 | 38595 ||| DRINKING 6 potions of curing.
 38595 | Vaults:3 | 38595 ||| (to cure confusion)
 38673 | Vaults:3 | 38673 ||| DROPPING +0 acid dragon scales.
 38674 | Vaults:3 | 38674 ||| UPGRADING to +10 gold dragon scales of Resilience
                  | {rPois rF+ rC+ Will- Dex+7 Slay+5}.
 38684 | Vaults:3 | 38684 ||| DROPPING +8 gold dragon scales.
 38733 | Abyss:3  | Cast into level 3 of the Abyss (a wizard)
 38734 | Abyss:3  | 38734 ||| Stepping ~*~*~tactically~*~*~ (stealth).
 38735 | Abyss:3  | 38735 ||| Stepping ~*~*~tactically~*~*~ (stealth).
 38749 | Abyss:3  | Received a gift from Okawaru
 38846 | Abyss:3  | Reached skill level 3 in Dodging
 38947 | Abyss:3  | Received a gift from Okawaru
 38957 | Abyss:3  | 38957 ||| Stepping ~*~*~tactically~*~*~ (hiding).
 38978 | Abyss:3  | Paralysed by accursed screaming for 2 turns
 38987 | Abyss:3  | Gained mutation: You have hidden genetic defects. [a
                  | cacodemon]
 38987 | Abyss:3  | Paralysed by accursed screaming for 2 turns
 38990 | Abyss:3  | 38990 ||| INVOKING Heroism.
 38990 | Abyss:3  | Paralysed by accursed screaming for 2 turns
 38991 | Abyss:3  | HP: 20/122 [disintegration (28)]
 38992 | Abyss:3  | 38992 ||| READING 9 scrolls of teleportation.
 38992 | Abyss:3  | HP: 7/122 [starcursed mass/accursed screaming (13)]
 38993 | Abyss:3  | 38993 ||| DRINKING 3 potions of heal wounds.
 38994 | Abyss:3  | 38994 ||| DRINKING 2 potions of heal wounds.
 38997 | Abyss:3  | 38997 ||| DRINKING potion of heal wounds.
 38997 | Abyss:3  | Paralysed by accursed screaming for 1 turns
 39000 | Abyss:3  | Received a gift from Okawaru
 39049 | Abyss:3  | 39049 ||| INVOKING Heroism.
 39111 | Vaults:4 | Escaped the Abyss
 39114 | Vaults:4 | Paralysed by a great orb of eyes for 5 turns
 39157 | Vaults:4 | 39157 ||| Stepping ~*~*~tactically~*~*~ (hiding).
 39159 | Vaults:4 | 39159 ||| Stepping ~*~*~tactically~*~*~ (hiding).
 39343 | Vaults:4 | 39343 ||| Stepping ~*~*~tactically~*~*~ (hiding).
 39482 | Vaults:4 | Found Cifean's Antique Armour Emporium.
 39595 | Vaults:4 | Paralysed by a great orb of eyes for 4 turns
 39607 | Vaults:4 | Identified the +9 hand axe of Departure {elec, rPois rF-
                  | Dex-5 SInv} (Okawaru gifted it to you on level 4 of the
                  | Vaults)
 39607 | Vaults:4 | Received a gift from Okawaru
 39611 | Vaults:4 | 39611 ||| DRINKING 5 potions of curing.
 39611 | Vaults:4 | 39611 ||| (to cure confusion)
 39670 | Vaults:4 | 39670 ||| INVOKING Heroism.
 39671 | Vaults:4 | 39671 ||| INVOKING Finesse.
 39672 | Vaults:4 | Gained mutation: Your magical capacity is low. (-10% MP)
                  | [hidden defects]
 39746 | Vaults:4 | 39746 ||| Stepping ~*~*~tactically~*~*~ (stealth).
 39814 | Vaults:4 | 39814 ||| Stepping ~*~*~tactically~*~*~ (hiding).
 39963 | Vaults:4 | 39963 ||| Stepping ~*~*~tactically~*~*~ (hiding).
 40133 | Vaults:4 | 40133 ||| Stepping ~*~*~tactically~*~*~ (stealth).
 40312 | Vaults:4 | 40312 ||| Stepping ~*~*~tactically~*~*~ (stealth).
 40323 | Vaults:4 | Reached skill level 6 in Dodging
 40323 | Vaults:4 | Received a gift from Okawaru
 40340 | Vaults:4 | 40340 ||| Stepping ~*~*~tactically~*~*~ (hiding).
 40455 | Vaults:4 | 40455 ||| FLEEEEING.
 40456 | Vaults:4 | 40456 ||| FLEEEEING.
 40458 | Vaults:4 | 40458 ||| FLEEEEING.
 40459 | Vaults:4 | 40459 ||| FLEEEEING.
 40461 | Vaults:4 | 40461 ||| FLEEEEING.
 40463 | Vaults:4 | 40463 ||| FLEEEEING.
 40464 | Vaults:4 | 40464 ||| FLEEEEING.
 40468 | Vaults:4 | 40468 ||| FLEEEEING.
 40469 | Vaults:4 | 40469 ||| FLEEEEING.
 40470 | Vaults:4 | 40470 ||| FLEEEEING.
 40471 | Vaults:4 | 40471 ||| FLEEEEING.
 40472 | Vaults:4 | 40472 ||| FLEEEEING.
 40473 | Vaults:4 | 40473 ||| FLEEEEING.
 40474 | Vaults:4 | 40474 ||| FLEEEEING.
 40476 | Vaults:4 | 40476 ||| FLEEEEING.
 40481 | Vaults:4 | 40481 ||| FLEEEEING.
 40482 | Vaults:4 | 40482 ||| FLEEEEING.
 40484 | Vaults:4 | 40484 ||| FLEEEEING.
 40485 | Vaults:4 | 40485 ||| FLEEEEING.
 40487 | Vaults:4 | 40487 ||| FLEEEEING.
 40488 | Vaults:4 | 40488 ||| FLEEEEING.
 40489 | Vaults:4 | 40489 ||| FLEEEEING.
 40490 | Vaults:4 | 40490 ||| FLEEEEING.
 40491 | Vaults:4 | 40491 ||| FLEEEEING.
 40492 | Vaults:4 | 40492 ||| FLEEEEING.
 40493 | Vaults:4 | 40493 ||| FLEEEEING.
 40494 | Vaults:4 | 40494 ||| FLEEEEING.
 40505 | Vaults:4 | 40505 ||| FLEEEEING.
 40506 | Vaults:4 | 40506 ||| FLEEEEING.
 40514 | Vaults:4 | 40514 ||| FLEEEEING.
 40515 | Vaults:4 | 40515 ||| FLEEEEING.
 40518 | Vaults:4 | 40518 ||| STAIRDANCE
 40620 | Vaults:3 | 40620 ||| DROPPING +1 pair of gloves.
 40621 | Vaults:3 | 40621 ||| DROPPING +4 ring of slaying {mikee}.
 40628 | Vaults:4 | 40628 ||| STAIRDANCE
 40893 | Vaults:4 | 40893 ||| PLANNING SWAMP:4
 41323 | Swamp:4  | Entered Level 4 of the Swamp
 41339 | Swamp:4  | 41339 ||| Stepping ~*~*~tactically~*~*~ (stealth).
 41340 | Swamp:4  | 41340 ||| READING scroll of enchant armour.
 41340 | Swamp:4  | 41340 ||| ENCHANTING +1 pair of boots.
 41381 | Swamp:4  | Gained mutation: Armour fits poorly on your strangely
                  | shaped body. [hidden defects]
 41381 | Swamp:4  | Lost mutation: You have hidden genetic defects. [hidden
                  | defects expressed]
 41386 | Swamp:4  | 41386 ||| DRINKING 6 potions of mutation.
 41386 | Swamp:4  | Lost mutation: Your spells are a little harder to cast, but
                  | a little more powerful. [potion of mutation]
 41386 | Swamp:4  | Lost mutation: You are dopey. (Int -2) [potion of mutation]
 41386 | Swamp:4  | Lost mutation: Your magical capacity is low. (-10% MP)
                  | [potion of mutation]
 41386 | Swamp:4  | Gained mutation: Your mind is acute. (Int +4, Str/Dex -1)
                  | [potion of mutation]
 41386 | Swamp:4  | Gained mutation: You expend magic power (3 MP) to
                  | strengthen your wands. [potion of mutation]
 41386 | Swamp:4  | Gained mutation: You occasionally lose the ability to read
                  | scrolls when taking damage. [potion of mutation]
 41387 | Swamp:4  | 41387 ||| DRINKING 5 potions of mutation.
 41387 | Swamp:4  | Lost mutation: You occasionally lose the ability to read
                  | scrolls when taking damage. [potion of mutation]
 41387 | Swamp:4  | Lost mutation: You expend magic power (3 MP) to strengthen
                  | your wands. [potion of mutation]
 41387 | Swamp:4  | Lost mutation: Your mind is acute. (Int +4, Str/Dex -1)
                  | [potion of mutation]
 41387 | Swamp:4  | Gained mutation: You are strong-willed. (Will+) [potion of
                  | mutation]
 41387 | Swamp:4  | Gained mutation: You have an increased reservoir of magic.
                  | (+10% MP) [potion of mutation]
 41393 | Swamp:4  | 41393 ||| DRINKING 4 potions of mutation.
 41393 | Swamp:4  | Lost mutation: You have an increased reservoir of magic.
                  | (+10% MP) [potion of mutation]
 41393 | Swamp:4  | Lost mutation: You are strong-willed. (Will+) [potion of
                  | mutation]
 41393 | Swamp:4  | Lost mutation: You are very clumsy. (Dex -4) [potion of
                  | mutation]
 41393 | Swamp:4  | Gained mutation: You are partially covered in iridescent
                  | scales. (AC +2) [potion of mutation]
 41393 | Swamp:4  | Gained mutation: You have a pair of small antennae on your
                  | head. [potion of mutation]
 41393 | Swamp:4  | Lost mutation: You are partially covered in iridescent
                  | scales. (AC +2) [potion of mutation]
 41394 | Swamp:4  | 41394 ||| DRINKING 3 potions of mutation.
 41394 | Swamp:4  | Lost mutation: You are clumsy. (Dex -2) [potion of
                  | mutation]
 41394 | Swamp:4  | Lost mutation: Armour fits poorly on your strangely shaped
                  | body. [potion of mutation]
 41394 | Swamp:4  | Gained mutation: Armour fits poorly on your strangely
                  | shaped body. [potion of mutation]
 41395 | Swamp:4  | 41395 ||| DRINKING 2 potions of mutation.
 41395 | Swamp:4  | Lost mutation: Armour fits poorly on your strangely shaped
                  | body. [potion of mutation]
 41395 | Swamp:4  | Lost mutation: You have a pair of small antennae on your
                  | head. [potion of mutation]
 41395 | Swamp:4  | Gained mutation: Armour fits poorly on your strangely
                  | shaped body. [potion of mutation]
 41395 | Swamp:4  | Gained mutation: Your flesh is heat resistant. (rF+)
                  | [potion of mutation]
 41396 | Swamp:4  | 41396 ||| DRINKING potion of mutation.
 41396 | Swamp:4  | Lost mutation: Your flesh is heat resistant. (rF+) [potion
                  | of mutation]
 41396 | Swamp:4  | Lost mutation: Armour fits poorly on your strangely shaped
                  | body. [potion of mutation]
 41396 | Swamp:4  | Gained mutation: You have supernaturally acute eyesight.
                  | (SInv) [potion of mutation]
 41396 | Swamp:4  | Gained mutation: You expend magic power (3 MP) to
                  | strengthen your wands. [potion of mutation]
 41457 | Swamp:4  | 41457 ||| Stepping ~*~*~tactically~*~*~ (hiding).
 41480 | Swamp:4  | Reached XP level 21. HP: 123/142 MP: 28/28
 41551 | Swamp:4  | 41551 ||| Stepping ~*~*~tactically~*~*~ (hiding).
 41683 | Swamp:4  | 41683 ||| Stepping ~*~*~tactically~*~*~ (stealth).
 41691 | Swamp:4  | Noticed the 27-headed Lernaean hydra
 41702 | Swamp:4  | 41702 ||| INVOKING Heroism.
 41705 | Swamp:4  | Killed the 26-headed Lernaean hydra
 41705 | Swamp:4  | Received a gift from Okawaru
 41771 | Swamp:4  | Got a decaying rune of Zot
 41778 | Swamp:4  | 41778 ||| Stepping ~*~*~tactically~*~*~ (hiding).
 41781 | Swamp:4  | 41781 ||| Stepping ~*~*~tactically~*~*~ (hiding).
 41869 | Swamp:4  | Reached skill level 19 in Fighting
 42091 | Swamp:4  | 42091 ||| PLANNING DEPTHS
 42091 | Swamp:4  | 42091 ||| UPGRADING to +0 helmet of Loompop {rElec Will+
                  | Dex-3}.
 42474 | Depths:1 | Entered Level 1 of the Depths
 42475 | Depths:1 | 42475 ||| INVOKING Finesse.
 42478 | Depths:1 | Received a gift from Okawaru
 42528 | Depths:1 | Received a gift from Okawaru
 42534 | Depths:1 | Found Koghoy Umesk's Assorted Antiques.
 42557 | Depths:1 | 42557 ||| BUYING 2 potions of heal wounds (400 gold).
 42557 | Depths:1 | Bought 2 potions of heal wounds for 400 gold pieces
 42557 | Depths:1 | 42557 ||| BUYING distressingly furry helmet (380 gold).
 42557 | Depths:1 | Bought a distressingly furry helmet for 380 gold pieces
 42557 | Depths:1 | Identified the +0 helmet of Dawn {Will+ Stlth+} (You bought
                  | it in a shop on level 1 of the Depths)
 42557 | Depths:1 | 42557 ||| BUYING potion of attraction (120 gold).
 42557 | Depths:1 | Bought a potion of attraction for 120 gold pieces
 42557 | Depths:1 | 42557 ||| BUYING ring of resist corrosion (800 gold).
 42557 | Depths:1 | Bought a ring of resist corrosion for 800 gold pieces
 42567 | Depths:1 | 42567 ||| Stepping ~*~*~tactically~*~*~ (hiding).
 42568 | Depths:1 | 42568 ||| Stepping ~*~*~tactically~*~*~ (hiding).
 42619 | Depths:1 | 42619 ||| DROPPING +2 heavy broad axe.
 42655 | Depths:1 | Found Tumnoph's Antique Weapon Shoppe.
 42701 | Depths:1 | Found a runed translucent door.
 42756 | Depths:1 | 42756 ||| Stepping ~*~*~tactically~*~*~ (hiding).
 42826 | Depths:1 | 42826 ||| READING scroll of enchant weapon.
 42826 | Depths:1 | 42826 ||| ENCHANTING +4 vampiric war axe.
 42905 | Depths:1 | 42905 ||| Stepping ~*~*~tactically~*~*~ (hiding).
 42907 | Depths:1 | 42907 ||| Stepping ~*~*~tactically~*~*~ (hiding).
 42908 | Depths:1 | 42908 ||| Stepping ~*~*~tactically~*~*~ (hiding).
 42927 | Depths:1 | Received a gift from Okawaru
 42941 | Depths:1 | 42941 ||| INVOKING Finesse.
 42956 | Depths:1 | 42956 ||| Stepping ~*~*~tactically~*~*~ (hiding).
 42976 | Depths:1 | 42976 ||| INVOKING Heroism.
 42981 | Depths:1 | 42981 ||| Stepping ~*~*~tactically~*~*~ (hiding).
 43018 | Depths:1 | Found Sighaso's Jewellery Emporium.
 43031 | Depths:1 | 43031 ||| BUYING +5 ring of evasion (648 gold).
 43031 | Depths:1 | Bought a +5 ring of evasion for 648 gold pieces
 43046 | Depths:1 | Found a one-way gateway to a ziggurat.
 43128 | Depths:1 | Found Agen's Jewellery Boutique.
 43137 | Depths:1 | 43137 ||| SHOPLISTING amulet of reflection (420 gold, have
                  | 241).
 43141 | Depths:1 | Found Caduk's Assorted Antiques.
 43145 | Depths:1 | 43145 ||| SHOPLISTING scroll of brand weapon (294 gold,
                  | have 241).
 43145 | Depths:1 | 43145 ||| BUYING scroll of enchant armour (232 gold).
 43145 | Depths:1 | Bought a scroll of enchant armour for 232 gold pieces
 43145 | Depths:1 | 43145 ||| SHOPLISTING scroll of teleportation (93 gold,
                  | have 9).
 43342 | Depths:1 | Received a gift from Okawaru
 43453 | Depths:1 | Found a gateway to Hell.
 43494 | Depths:1 | 43494 ||| UPGRADING to +0 helmet of Dawn {Will+ Stlth+}.
 43504 | Depths:1 | 43504 ||| DROPPING +0 helmet of Loompop {rElec Will+
                  | Dex-3}.
 43505 | Depths:1 | 43505 ||| DROPPING +0 helmet.
 43506 | Depths:1 | 43506 ||| UPGRADING to +5 ring of evasion.
 43508 | Depths:1 | 43508 ||| DROPPING +6 ring of strength.
 43640 | Depths:2 | 43640 ||| Stepping ~*~*~tactically~*~*~ (hiding).
 43656 | Depths:2 | Received a gift from Okawaru
 43700 | Depths:2 | 43700 ||| INVOKING Heroism.
 43701 | Depths:2 | 43701 ||| INVOKING Finesse.
 43708 | Depths:2 | Received a gift from Okawaru
 43891 | Depths:2 | 43891 ||| Stepping ~*~*~tactically~*~*~ (hiding).
 43892 | Depths:2 | 43892 ||| Stepping ~*~*~tactically~*~*~ (hiding).
 43933 | Depths:2 | 43933 ||| Stepping ~*~*~tactically~*~*~ (hiding).
 43935 | Depths:2 | 43935 ||| Stepping ~*~*~tactically~*~*~ (hiding).
 43936 | Depths:2 | 43936 ||| Stepping ~*~*~tactically~*~*~ (hiding).
 43938 | Depths:2 | 43938 ||| Stepping ~*~*~tactically~*~*~ (hiding).
 44114 | Depths:2 | 44114 ||| INVOKING Heroism.
 44116 | Depths:2 | 44116 ||| INVOKING Finesse.
 44123 | Depths:2 | 44123 ||| Stepping ~*~*~tactically~*~*~ (stealth).
 44154 | Depths:2 | 44154 ||| Stepping ~*~*~tactically~*~*~ (hiding).
 44223 | Depths:2 | 44223 ||| INVOKING Heroism.
 44224 | Depths:2 | 44224 ||| INVOKING Finesse.
 44343 | Depths:2 | Found a viscous altar of Jiyva.
 44403 | Depths:2 | Reached skill level 21 in Armour
 44403 | Depths:2 | Reached XP level 22. HP: 137/149 MP: 29/29
 44489 | Depths:2 | Found a one-way gate leading to the halls of Pandemonium.
 44628 | Depths:2 | Found a transporter.
 44629 | Depths:2 | Found a transporter.
 44820 | Depths:3 | 44820 ||| INVOKING Heroism.
 44821 | Depths:3 | 44821 ||| INVOKING Finesse.
 45032 | Depths:3 | 45032 ||| INVOKING Heroism.
 45040 | Depths:3 | 45040 ||| INVOKING Finesse.
 45051 | Depths:3 | Identified the +0 kite shield "Nasib" {rF++ Dex+5} (Okawaru
                  | gifted it to you on level 3 of the Depths)
 45051 | Depths:3 | Received a gift from Okawaru
 45163 | Depths:3 | 45163 ||| INVOKING Finesse.
 45164 | Depths:3 | 45164 ||| INVOKING Finesse.
 45320 | Depths:3 | Reached skill level 20 in Fighting
 45521 | Depths:3 | 45521 ||| Stepping ~*~*~tactically~*~*~ (hiding).
 45522 | Depths:3 | 45522 ||| Stepping ~*~*~tactically~*~*~ (hiding).
 45523 | Depths:3 | 45523 ||| Stepping ~*~*~tactically~*~*~ (hiding).
 45544 | Depths:3 | 45544 ||| Stepping ~*~*~tactically~*~*~ (stealth).
 45557 | Depths:3 | 45557 ||| Stepping ~*~*~tactically~*~*~ (stealth).
 45564 | Depths:3 | 45564 ||| Stepping ~*~*~tactically~*~*~ (hiding).
 45577 | Depths:3 | 45577 ||| Stepping ~*~*~tactically~*~*~ (stealth).
 45614 | Depths:3 | 45614 ||| Stepping ~*~*~tactically~*~*~ (stealth).
 45616 | Depths:3 | 45616 ||| Stepping ~*~*~tactically~*~*~ (stealth).
 45621 | Depths:3 | 45621 ||| Stepping ~*~*~tactically~*~*~ (stealth).
 45668 | Depths:3 | 45668 ||| DRINKING 7 potions of curing.
 45668 | Depths:3 | 45668 ||| (to cure confusion)
 45778 | Depths:3 | Noticed the Enchantress
 45780 | Depths:3 | 45780 ||| DRINKING 6 potions of curing.
 45780 | Depths:3 | 45780 ||| (to cure confusion)
 45781 | Depths:3 | 45781 ||| INVOKING Heroism.
 45782 | Depths:3 | 45782 ||| INVOKING Finesse.
 45815 | Depths:3 | Killed the Enchantress
 46367 | Depths:3 | 46367 ||| INVOKING Heroism.
 46368 | Depths:3 | 46368 ||| INVOKING Finesse.
 46390 | Depths:3 | 46390 ||| Stepping ~*~*~tactically~*~*~ (stealth).
 46611 | Depths:3 | Found Jisydwut's Book Shoppe.
 46611 | Depths:3 | Found Ziyreyh's Jewellery Shop.
 46612 | Depths:3 | Found Zysowesiry's Book Shoppe.
 46614 | Depths:3 | 46614 ||| Stepping ~*~*~tactically~*~*~ (stealth).
 46628 | Depths:3 | 46628 ||| BUYING amulet of reflection (480 gold).
 46628 | Depths:3 | Bought an amulet of reflection for 480 gold pieces
 46628 | Depths:3 | 46628 ||| SHOPLISTING ring "Cufrapo" {*Slow Fly rPois rCorr
                  | Dex+8} (712 gold, have 146).
 46628 | Depths:3 | 46628 ||| SHOPLISTING ring of protection from cold (400
                  | gold, have 146).
 46630 | Depths:3 | 46630 ||| DROPPING amulet of regeneration.
 46694 | Depths:4 | Entered Level 4 of the Depths
 46695 | Depths:4 | Identified the ring "Yqutt" {Ice Str+5 Dex+2}
 46695 | Depths:4 | Noticed Josephina
 46696 | Depths:4 | 46696 ||| INVOKING Heroism.
 46723 | Depths:4 | 46723 ||| INVOKING Finesse.
 46724 | Depths:4 | Killed Josephina
 46849 | Depths:4 | 46849 ||| INVOKING Finesse.
 46980 | Depths:4 | 46980 ||| INVOKING Heroism.
 47059 | Depths:4 | 47059 ||| INVOKING Heroism.
 47157 | Depths:4 | 47157 ||| Stepping ~*~*~tactically~*~*~ (hiding).
 47160 | Depths:4 | 47160 ||| INVOKING Heroism.
 47182 | Depths:4 | 47182 ||| Stepping ~*~*~tactically~*~*~ (hiding).
 47189 | Depths:4 | Received a gift from Okawaru
 47195 | Depths:4 | 47195 ||| Stepping ~*~*~tactically~*~*~ (hiding).
 47277 | Depths:4 | 47277 ||| Stepping ~*~*~tactically~*~*~ (hiding).
 47278 | Depths:4 | 47278 ||| Stepping ~*~*~tactically~*~*~ (hiding).
 47431 | Depths:4 | 47431 ||| Stepping ~*~*~tactically~*~*~ (hiding).
 47432 | Depths:4 | 47432 ||| Stepping ~*~*~tactically~*~*~ (hiding).
 47448 | Depths:4 | 47448 ||| INVOKING Heroism.
 47463 | Depths:4 | Reached skill level 21 in Shields
 47559 | Depths:4 | 47559 ||| INVOKING Heroism.
 47596 | Depths:4 | 47596 ||| FLEEEEING.
 47597 | Depths:4 | 47597 ||| FLEEEEING.
 47607 | Depths:4 | 47607 ||| FLEEEEING.
 47608 | Depths:4 | 47608 ||| INVOKING Heroism.
 47609 | Depths:4 | 47609 ||| FLEEEEING.
 47610 | Depths:4 | 47610 ||| Stepping ~*~*~tactically~*~*~ (hiding).
 47690 | Depths:4 | Found a gate to the Realm of Zot.
 47706 | Depths:4 | 47706 ||| Stepping ~*~*~tactically~*~*~ (hiding).
 47709 | Depths:4 | 47709 ||| Stepping ~*~*~tactically~*~*~ (hiding).
 47781 | Depths:4 | 47781 ||| Stepping ~*~*~tactically~*~*~ (stealth).
 47782 | Depths:4 | 47782 ||| Stepping ~*~*~tactically~*~*~ (stealth).
 47893 | Depths:4 | Found a sparkling altar of Nemelex Xobeh.
 48136 | Depths:4 | 48136 ||| Stepping ~*~*~tactically~*~*~ (stealth).
 48146 | Depths:4 | Reached XP level 23. HP: 158/158 MP: 30/30
 48164 | Depths:4 | 48164 ||| PLANNING VAULTS:5
 48164 | Depths:4 | 48164 ||| DROPPING ring "Dileukoc" {Ice Str+2 Stlth+}.
 48457 | Vaults:5 | Entered Level 5 of the Vaults
 48463 | Vaults:5 | Noticed an ancient lich
 48464 | Vaults:5 | 48464 ||| INVOKING Heroism.
 48468 | Vaults:5 | 48468 ||| INVOKING Finesse.
 48479 | Vaults:5 | Noticed a dread lich
 48493 | Vaults:5 | Killed an ancient lich
 48494 | Vaults:5 | Reached skill level 21 in Fighting
 48495 | Vaults:5 | Received a gift from Okawaru
 48515 | Vaults:5 | Killed a dread lich
 48515 | Vaults:5 | Received a gift from Okawaru
 48517 | Vaults:5 | Received a gift from Okawaru
 48528 | Vaults:5 | Reached skill level 12 in Throwing
 48534 | Vaults:5 | 48534 ||| Stepping ~*~*~tactically~*~*~ (hiding).
 48592 | Vaults:5 | 48592 ||| Stepping ~*~*~tactically~*~*~ (hiding).
 48594 | Vaults:5 | 48594 ||| INVOKING Heroism.
 48595 | Vaults:5 | Noticed a golden dragon
 48596 | Vaults:5 | 48596 ||| INVOKING Finesse.
 48604 | Vaults:5 | Received a gift from Okawaru
 48615 | Vaults:5 | Noticed an ancient lich
 48646 | Vaults:5 | Killed an ancient lich
 48646 | Vaults:5 | Identified the +8 war axe of Zonecuf {antimagic, Str+2}
                  | (Okawaru gifted it to you on level 5 of the Vaults)
 48646 | Vaults:5 | Received a gift from Okawaru
 48654 | Vaults:5 | Killed a golden dragon
 48675 | Vaults:5 | 48675 ||| DROPPING +8 war axe of Zonecuf {antimagic,
                  | Str+2}.
 48680 | Vaults:5 | 48680 ||| Stepping ~*~*~tactically~*~*~ (hiding).
 48684 | Vaults:5 | 48684 ||| Stepping ~*~*~tactically~*~*~ (hiding).
 48686 | Vaults:5 | 48686 ||| Stepping ~*~*~tactically~*~*~ (hiding).
 48687 | Vaults:5 | 48687 ||| Stepping ~*~*~tactically~*~*~ (hiding).
 48688 | Vaults:5 | 48688 ||| Stepping ~*~*~tactically~*~*~ (hiding).
 48692 | Vaults:5 | 48692 ||| INVOKING Heroism.
 48701 | Vaults:5 | Noticed a dread lich
 48715 | Vaults:5 | Reached skill level 22 in Fighting
 48732 | Vaults:5 | 48732 ||| INVOKING Finesse.
 48735 | Vaults:5 | Paralysed by a sphinx for 3 turns
 48739 | Vaults:5 | 48739 ||| DRINKING 8 potions of curing.
 48739 | Vaults:5 | 48739 ||| (to cure confusion)
 48745 | Vaults:5 | Killed a dread lich
 48761 | Vaults:5 | 48761 ||| Stepping ~*~*~tactically~*~*~ (stealth).
 48787 | Vaults:5 | 48787 ||| Stepping ~*~*~tactically~*~*~ (stealth).
 48869 | Vaults:5 | 48869 ||| Stepping ~*~*~tactically~*~*~ (hiding).
 48871 | Vaults:5 | 48871 ||| INVOKING Heroism.
 48883 | Vaults:5 | 48883 ||| INVOKING Finesse.
 48899 | Abyss:3  | Found a corrupted altar of Lugonu.
 48899 | Abyss:3  | Cast into level 3 of the Abyss (a deep elf sorcerer)
 48917 | Abyss:3  | 48917 ||| Stepping ~*~*~tactically~*~*~ (hiding).
 48918 | Abyss:3  | 48918 ||| Stepping ~*~*~tactically~*~*~ (hiding).
 48961 | Abyss:3  | 48961 ||| Stepping ~*~*~tactically~*~*~ (stealth).
 49072 | Abyss:3  | 49072 ||| Stepping ~*~*~tactically~*~*~ (hiding).
 49203 | Vaults:5 | Escaped the Abyss
 49204 | Vaults:5 | 49204 ||| INVOKING Heroism.
 49205 | Vaults:5 | 49205 ||| INVOKING Finesse.
 49214 | Vaults:5 | Received a gift from Okawaru
 49233 | Vaults:5 | Identified the +3 battleaxe "Widowermaker" {heavy, rElec
                  | rPois}
 49233 | Vaults:5 | Identified the ring of the Meadowlark {Contam Fly rPois rF+
                  | SInv}
 49264 | Vaults:5 | Reached skill level 9 in Dodging
 49291 | Vaults:5 | 49291 ||| INVOKING Heroism.
 49317 | Vaults:5 | Reached XP level 24. HP: 169/169 MP: 30/30
 49340 | Vaults:5 | Identified the -2 helmet "Ras Hol" {rN+ Will- Str+10 Dex+2}
                  | (Okawaru gifted it to you on level 5 of the Vaults)
 49340 | Vaults:5 | Received a gift from Okawaru
 49551 | Vaults:5 | 49551 ||| READING scroll of enchant weapon.
 49551 | Vaults:5 | 49551 ||| ENCHANTING +5 vampiric war axe.
 49748 | Vaults:5 | Got a silver rune of Zot
 50173 | Vaults:5 | Identified the +2 ring mail of the Thoughtful Places {rN+}
 50187 | Vaults:5 | Identified the +0 quarterstaff of Lawuv {freeze, rF++
                  | Dex+4}
 50193 | Vaults:5 | Identified the staff of cold "Cenok" {Fly rC+ rN++ Str-5}
 50258 | Vaults:5 | Found Tiddool's Magic Scroll Shop.
 50268 | Vaults:5 | Identified the ring of Juch {MP+9 Stlth+}
 50358 | Vaults:5 | 50358 ||| Stepping ~*~*~tactically~*~*~ (stealth).
 50541 | Vaults:5 | 50541 ||| PLANNING SHOPPING SPREE
 50541 | Vaults:5 | 50541 ||| UPGRADING to -2 helmet "Ras Hol" {rN+ Will-
                  | Str+10 Dex+2}.
 50551 | Vaults:5 | 50551 ||| DROPPING +0 helmet of Dawn {Will+ Stlth+}.
 50552 | Vaults:5 | 50552 ||| DROPPING +2 pair of gloves of hurling.
 50553 | Vaults:5 | 50553 ||| DROPPING ring of Juch {MP+9 Stlth+}.
 50826 | Depths:1 | 50826 ||| BUYING scroll of brand weapon (294 gold).
 50826 | Depths:1 | Bought a scroll of brand weapon for 294 gold pieces
 50826 | Depths:1 | 50826 ||| BUYING scroll of teleportation (93 gold).
 50826 | Depths:1 | Bought a scroll of teleportation for 93 gold pieces
 51243 | Snake:3  | 51243 ||| BUYING scroll of acquirement (780 gold).
 51243 | Snake:3  | Bought a scroll of acquirement for 780 gold pieces
 51243 | Snake:3  | 51243 ||| READING scroll of acquirement.
 51243 | Snake:3  | 51243 ||| ACQUIRING 681 gold pieces
 51243 | Snake:3  | Acquired 681 gold pieces
 51245 | Snake:3  | 51245 ||| BUYING scroll of enchant armour (112 gold).
 51245 | Snake:3  | Bought a scroll of enchant armour for 112 gold pieces
 51245 | Snake:3  | 51245 ||| BUYING scroll of enchant weapon (112 gold).
 51245 | Snake:3  | Bought a scroll of enchant weapon for 112 gold pieces
 51245 | Snake:3  | 51245 ||| READING scroll of enchant weapon.
 51245 | Snake:3  | 51245 ||| ENCHANTING +6 vampiric war axe.
 51267 | Snake:3  | 51267 ||| BUYING transparent bronze ring (170 gold).
 51267 | Snake:3  | Bought a transparent bronze ring for 170 gold pieces
 51267 | Snake:3  | Identified the ring of the Firefly {Wiz MP-9 Str+3 Dex+4
                  | Stlth+} (You bought it in a shop on level 3 of the Snake
                  | Pit)
 51267 | Snake:3  | 51267 ||| DROPPING ring of the Firefly {Wiz MP-9 Str+3
                  | Dex+4 Stlth+}.
 51699 | Snake:3  | 51699 ||| BUYING runed cloak (285 gold).
 51699 | Snake:3  | Bought a runed cloak for 285 gold pieces
 51699 | Snake:3  | 51699 ||| DROPPING +0 cloak.
 51700 | Snake:3  | 51700 ||| CLEARING SHOPPING LIST
 51700 | Snake:3  | 51700 ||| PLANNING ZOT:1-4
 52114 | Zot:1    | Entered Level 1 of the Realm of Zot
 52124 | Zot:1    | 52124 ||| INVOKING Heroism.
 52396 | Zot:1    | 52396 ||| INVOKING Heroism.
 52428 | Zot:1    | Noticed a dread lich
 52429 | Zot:1    | 52429 ||| INVOKING Finesse.
 52435 | Zot:1    | Noticed a dread lich
 52457 | Zot:1    | Killed a dread lich
 52457 | Zot:1    | Killed a dread lich
 52470 | Zot:1    | Paralysed by a vampire knight for 4 turns
 52471 | Zot:1    | Noticed a dread lich
 52474 | Zot:1    | HP: 42/169 [vampire knight/+0 long sword (4)]
 52475 | Zot:1    | 52475 ||| READING 14 scrolls of teleportation.
 52481 | Zot:1    | Paralysed by a vampire knight for 2 turns
 52491 | Zot:1    | Killed a dread lich
 52491 | Zot:1    | Received a gift from Okawaru
 52492 | Zot:1    | Reached skill level 23 in Fighting
 52494 | Zot:1    | Paralysed by a floating eye for 2 turns
 52497 | Zot:1    | 52497 ||| INVOKING Heroism.
 52548 | Zot:1    | Received a gift from Okawaru
 52579 | Zot:1    | 52579 ||| DROPPING +5 war axe of electrocution.
 52581 | Zot:1    | 52581 ||| Stepping ~*~*~tactically~*~*~ (hiding).
 52582 | Zot:1    | 52582 ||| Stepping ~*~*~tactically~*~*~ (hiding).
 52583 | Zot:1    | 52583 ||| Stepping ~*~*~tactically~*~*~ (hiding).
 52643 | Zot:1    | 52643 ||| Stepping ~*~*~tactically~*~*~ (stealth).
 52757 | Zot:1    | Found a transporter.
 52757 | Zot:1    | Noticed an ancient lich
 52758 | Zot:1    | Noticed an ancient lich
 52759 | Zot:1    | Noticed qw's ghost (veteran GrFi)
 52792 | Zot:1    | Paralysed by a sphinx for 3 turns
 53111 | Zot:1    | Identified the +1 robe of Impatience {Stlth+}
 53192 | Zot:1    | Found a transporter.
 53380 | Zot:1    | 53380 ||| UPGRADING to +0 tower shield of fire resistance.
 53626 | Zot:2    | 53626 ||| READING scroll of enchant weapon.
 53626 | Zot:2    | 53626 ||| ENCHANTING +7 vampiric war axe.
 53654 | Zot:2    | 53654 ||| Stepping ~*~*~tactically~*~*~ (hiding).
 53655 | Zot:2    | 53655 ||| Stepping ~*~*~tactically~*~*~ (hiding).
 53781 | Zot:2    | 53781 ||| Stepping ~*~*~tactically~*~*~ (hiding).
 53783 | Zot:2    | 53783 ||| Stepping ~*~*~tactically~*~*~ (hiding).
 53814 | Zot:2    | 53814 ||| Stepping ~*~*~tactically~*~*~ (stealth).
 53828 | Zot:2    | 53828 ||| Stepping ~*~*~tactically~*~*~ (stealth).
 53829 | Zot:2    | 53829 ||| INVOKING Heroism.
 54180 | Zot:2    | 54180 ||| INVOKING Heroism.
 54193 | Zot:2    | Received a gift from Okawaru
 54222 | Zot:2    | 54222 ||| INVOKING Heroism.
 54279 | Zot:2    | 54279 ||| DROPPING ring of positive energy.
 54317 | Zot:3    | 54317 ||| INVOKING Heroism.
 54339 | Zot:3    | Received a gift from Okawaru
 54603 | Zot:3    | 54603 ||| READING scroll of enchant weapon.
 54603 | Zot:3    | 54603 ||| ENCHANTING +8 vampiric war axe.
 54667 | Zot:3    | Noticed an orb of fire
 54668 | Zot:3    | 54668 ||| Stepping ~*~*~tactically~*~*~ (hiding).
 54669 | Zot:3    | 54669 ||| Stepping ~*~*~tactically~*~*~ (hiding).
 54671 | Zot:3    | 54671 ||| INVOKING Heroism.
 54672 | Zot:3    | 54672 ||| INVOKING Finesse.
 54687 | Zot:3    | Killed an orb of fire
 54777 | Zot:3    | Noticed a Killer Klown
 54778 | Zot:3    | 54778 ||| Stepping ~*~*~tactically~*~*~ (hiding).
 54782 | Zot:3    | 54782 ||| INVOKING Heroism.
 54784 | Zot:3    | 54784 ||| INVOKING Finesse.
 54792 | Zot:3    | 54792 ||| Stepping ~*~*~tactically~*~*~ (hiding).
 54794 | Zot:3    | 54794 ||| Stepping ~*~*~tactically~*~*~ (hiding).
 54797 | Zot:3    | 54797 ||| Stepping ~*~*~tactically~*~*~ (hiding).
 54800 | Zot:3    | 54800 ||| Stepping ~*~*~tactically~*~*~ (hiding).
 54806 | Zot:3    | 54806 ||| Stepping ~*~*~tactically~*~*~ (hiding).
 54808 | Zot:3    | 54808 ||| Stepping ~*~*~tactically~*~*~ (hiding).
 54816 | Zot:3    | 54816 ||| Stepping ~*~*~tactically~*~*~ (hiding).
 54827 | Zot:3    | Killed a Killer Klown
 54968 | Zot:3    | 54968 ||| Stepping ~*~*~tactically~*~*~ (hiding).
 54975 | Zot:3    | Reached XP level 25. HP: 139/178 MP: 30/30
 54977 | Zot:3    | Identified the +2 battleaxe "Dragonslayer" {heavy, Str+4}
 54996 | Zot:3    | 54996 ||| INVOKING Heroism.
 55001 | Zot:3    | 55001 ||| Stepping ~*~*~tactically~*~*~ (hiding).
 55017 | Zot:3    | Reached skill level 24 in Fighting
 55021 | Zot:3    | Received a gift from Okawaru
 55169 | Zot:3    | 55169 ||| Stepping ~*~*~tactically~*~*~ (stealth).
 55184 | Zot:3    | Received a gift from Okawaru
 55216 | Zot:3    | 55216 ||| DROPPING +1 war axe of flaming.
 55656 | Zot:3    | 55656 ||| DROPPING +1 cloak of preservation.
 55715 | Zot:4    | 55715 ||| Stepping ~*~*~tactically~*~*~ (hiding).
 55725 | Zot:4    | 55725 ||| INVOKING Heroism.
 55839 | Zot:4    | 55839 ||| INVOKING Heroism.
 55932 | Zot:4    | Received a gift from Okawaru
 55936 | Zot:4    | 55936 ||| FLEEEEING.
 55944 | Zot:4    | 55944 ||| Stepping ~*~*~tactically~*~*~ (hiding).
 56053 | Zot:4    | 56053 ||| Stepping ~*~*~tactically~*~*~ (stealth).
 56054 | Zot:4    | 56054 ||| Stepping ~*~*~tactically~*~*~ (stealth).
 56138 | Zot:4    | 56138 ||| INVOKING Heroism.
 56151 | Zot:4    | 56151 ||| Stepping ~*~*~tactically~*~*~ (cloud).
 56164 | Zot:4    | 56164 ||| Stepping ~*~*~tactically~*~*~ (hiding).
 56165 | Zot:4    | 56165 ||| Stepping ~*~*~tactically~*~*~ (hiding).
 56169 | Zot:4    | 56169 ||| Stepping ~*~*~tactically~*~*~ (hiding).
 56242 | Zot:4    | 56242 ||| FLEEEEING.
 56243 | Zot:4    | 56243 ||| FLEEEEING.
 56244 | Zot:4    | 56244 ||| FLEEEEING.
 56245 | Zot:4    | 56245 ||| Stepping ~*~*~tactically~*~*~ (hiding).
 56246 | Zot:4    | 56246 ||| Stepping ~*~*~tactically~*~*~ (hiding).
 56256 | Zot:4    | 56256 ||| FLEEEEING.
 56296 | Zot:4    | 56296 ||| Stepping ~*~*~tactically~*~*~ (hiding).
 56298 | Zot:4    | 56298 ||| INVOKING Heroism.
 56309 | Zot:4    | Reached skill level 25 in Fighting
 56371 | Zot:4    | 56371 ||| Stepping ~*~*~tactically~*~*~ (hiding).
 56378 | Zot:4    | 56378 ||| INVOKING Heroism.
 56683 | Zot:4    | 56683 ||| Stepping ~*~*~tactically~*~*~ (stealth).
 56685 | Zot:4    | 56685 ||| Stepping ~*~*~tactically~*~*~ (stealth).
 56687 | Zot:4    | 56687 ||| INVOKING Heroism.
 56811 | Zot:4    | 56811 ||| PLANNING SLIME:5
 56811 | Zot:4    | 56811 ||| UPGRADING to +2 cloak.
 56821 | Zot:4    | 56821 ||| UPGRADING to +0 hat "Yraemabi" {rCorr Int+3 SInv
                  | Stlth-}.
 56831 | Zot:4    | 56831 ||| UPGRADING to +2 tower shield of reflection.
 56841 | Zot:4    | 56841 ||| UPGRADING to ring "Yqutt" {Ice Str+5 Dex+2}.
 57387 | Slime:1  | Entered Level 1 of the Pits of Slime
 57390 | Slime:1  | 57390 ||| STAIRDANCE
 57416 | Slime:1  | 57416 ||| STAIRDANCE
 57429 | Slime:1  | 57429 ||| STAIRDANCE
 57438 | Slime:1  | 57438 ||| STAIRDANCE
 57464 | Slime:3  | 57464 ||| STAIRDANCE
 57470 | Slime:3  | 57470 ||| STAIRDANCE
 57480 | Slime:2  | Received a gift from Okawaru
 57484 | Slime:3  | 57484 ||| STAIRDANCE
 57490 | Slime:3  | 57490 ||| STAIRDANCE
 57499 | Slime:3  | 57499 ||| STAIRDANCE
 57510 | Slime:3  | Paralysed by a great orb of eyes for 4 turns
 57536 | Slime:3  | 57536 ||| DRINKING 5 potions of cancellation.
 57861 | Slime:4  | 57861 ||| STAIRDANCE
 57866 | Slime:4  | 57866 ||| STAIRDANCE
 57873 | Slime:4  | 57873 ||| STAIRDANCE
 57895 | Slime:5  | Entered Level 5 of the Pits of Slime
 57922 | Slime:5  | Noticed the Royal Jelly
 57922 | Slime:5  | 57922 ||| INVOKING Heroism.
 57923 | Slime:5  | 57923 ||| INVOKING Finesse.
 57940 | Slime:5  | 57940 ||| DRINKING 10 potions of curing.
 57940 | Slime:5  | 57940 ||| (to cure confusion)
 57959 | Slime:5  | Killed the Royal Jelly
 57960 | Slime:5  | Reached skill level 26 in Fighting
 58003 | Slime:5  | Paralysed by a floating eye for 4 turns
 58134 | Slime:5  | Identified the ring of Skepticism {Drain rPois Int+7 Dex+4}
 58136 | Slime:5  | Identified the +0 cloak "Donoamoj" {rC+}
 58143 | Slime:5  | Identified the +7 halberd of Eternal Vigilance {spect,
                  | rCorr Int+5 Dex-4}
 58153 | Slime:5  | Got a slimy rune of Zot
 58154 | Slime:5  | Identified the staff of air "Xuvaesir" {*Corrode *Slow
                  | +Blink rElec Stlth+}
 58180 | Slime:5  | Identified the +0 chain mail of the Stone Wall {Drain Int+3
                  | Dex+3}
 58209 | Slime:5  | Identified the +8 chain mail of Pathos {rF+ Dex+5}
 58334 | Slime:5  | Received a gift from Okawaru
 58388 | Slime:5  | Reached skill level 12 in Dodging
 58584 | Slime:5  | 58584 ||| PLANNING THE SHINING ONE WORSHIP
 58584 | Slime:5  | 58584 ||| UPGRADING to -2 helmet "Ras Hol" {rN+ Will-
                  | Str+10 Dex+2}.
 58594 | Slime:5  | 58594 ||| DROPPING +0 hat "Yraemabi" {rCorr Int+3 SInv
                  | Stlth-}.
 58595 | Slime:5  | 58595 ||| UPGRADING to +0 tower shield of fire resistance.
 58605 | Slime:5  | 58605 ||| UPGRADING to +5 ring of evasion.
 58607 | Slime:5  | 58607 ||| UPGRADING to +2 tower shield of reflection.
 58617 | Slime:5  | 58617 ||| DROPPING ring of Skepticism {Drain rPois Int+7
                  | Dex+4}.
 58618 | Slime:5  | 58618 ||| DROPPING ring of resist corrosion.
 58619 | Slime:5  | 58619 ||| DROPPING ring of resist corrosion.
 58963 | D:6      | 58963 ||| UPGRADING to +5 broad axe.
 58964 | D:6      | 58964 ||| UPGRADING to +3 heavy broad axe.
 58965 | D:6      | 58965 ||| READING 6 scrolls of brand weapon.
 58965 | D:6      | 58965 ||| BRANDING +3 heavy broad axe.
 58966 | D:6      | 58966 ||| UPGRADING to +5 broad axe.
 58967 | D:6      | 58967 ||| DROPPING +3 broad axe of venom.
 58968 | D:6      | 58968 ||| READING 5 scrolls of brand weapon.
 58968 | D:6      | 58968 ||| BRANDING +5 broad axe.
 58969 | D:6      | 58969 ||| DROPPING +9 vampiric war axe.
 58970 | D:6      | 58970 ||| DROPPING +3 vampiric war axe.
 58971 | D:6      | Fell from the grace of Okawaru
 58971 | D:6      | Became a worshipper of the Shining One
 58972 | D:6      | 58972 ||| PLANNING CRYPT
 59298 | Crypt:1  | Entered Level 1 of the Crypt
 59402 | Crypt:1  | 59402 ||| Stepping ~*~*~tactically~*~*~ (hiding).
 59411 | Crypt:1  | Reached * piety under the Shining One
 59434 | Crypt:1  | Reached XP level 26. HP: 190/190 MP: 30/31
 59443 | Crypt:1  | Reached ** piety under the Shining One
 59444 | Crypt:1  | 59444 ||| Stepping ~*~*~tactically~*~*~ (stealth).
 59471 | Crypt:1  | Reached *** piety under the Shining One
 59523 | Crypt:1  | 59523 ||| FLEEEEING.
 59524 | Crypt:1  | 59524 ||| FLEEEEING.
 59525 | Crypt:1  | 59525 ||| FLEEEEING.
 59526 | Crypt:1  | 59526 ||| FLEEEEING.
 59527 | Crypt:1  | 59527 ||| FLEEEEING.
 59528 | Crypt:1  | 59528 ||| FLEEEEING.
 59529 | Crypt:1  | 59529 ||| FLEEEEING.
 59532 | Crypt:1  | 59532 ||| FLEEEEING.
 59533 | Crypt:1  | 59533 ||| FLEEEEING.
 59534 | Crypt:1  | 59534 ||| FLEEEEING.
 59539 | Crypt:1  | 59539 ||| STAIRDANCE
 59685 | Crypt:1  | You are sucked into a shaft and drop 1 floor!
 59711 | Crypt:2  | 59711 ||| Stepping ~*~*~tactically~*~*~ (hiding).
 59717 | Crypt:2  | Reached **** piety under the Shining One
 59722 | Crypt:2  | Noticed Xtahua
 59723 | Crypt:2  | 59723 ||| DRINKING 4 potions of resistance.
 59723 | Crypt:2  | Paralysed by Xtahua for 3 turns
 59727 | Crypt:2  | Noticed Bai Suzhen
 59728 | Crypt:2  | Reached skill level 12 in Invocations
 59733 | Crypt:2  | Paralysed by Xtahua for 4 turns
 59742 | Crypt:2  | Killed Bai Suzhen
 59745 | Crypt:2  | Killed Xtahua
 59921 | Crypt:2  | Reached ***** piety under the Shining One
 59923 | Crypt:2  | 59923 ||| Stepping ~*~*~tactically~*~*~ (stealth).
 59924 | Crypt:2  | 59924 ||| Stepping ~*~*~tactically~*~*~ (stealth).
 59972 | Crypt:2  | Noticed Zenata
 59981 | Crypt:2  | Killed Zenata
 60063 | Crypt:2  | 60063 ||| Stepping ~*~*~tactically~*~*~ (stealth).
 60086 | Crypt:2  | Reached ****** piety under the Shining One
 60096 | Crypt:2  | 60096 ||| Stepping ~*~*~tactically~*~*~ (hiding).
 60097 | Crypt:2  | 60097 ||| INVOKING Summon Divine Warrior.
 60101 | Crypt:2  | 60101 ||| INVOKING Cleansing Flame.
 60122 | Crypt:2  | 60122 ||| INVOKING Brand Weapon With Holy Wrath.
 60122 | Crypt:2  | Identified a +7 broad axe of holy wrath (a +5 spectral
                  | broad axe blessed by the Shining One)
 60122 | Crypt:2  | Received a gift from the Shining One
 60130 | Crypt:2  | 60130 ||| INVOKING Cleansing Flame.
 60131 | Crypt:2  | 60131 ||| INVOKING Cleansing Flame.
 60144 | Crypt:2  | Noticed Margery
 60145 | Crypt:2  | 60145 ||| DRINKING 3 potions of resistance.
 60152 | Crypt:2  | Killed Margery
 60153 | Crypt:2  | Reached skill level 15 in Invocations
 60162 | Crypt:2  | 60162 ||| INVOKING Summon Divine Warrior.
 60167 | Crypt:2  | 60167 ||| INVOKING Cleansing Flame.
 61013 | Crypt:2  | 61013 ||| Stepping ~*~*~tactically~*~*~ (hiding).
 61022 | Crypt:2  | 61022 ||| Stepping ~*~*~tactically~*~*~ (hiding).
 61072 | Crypt:2  | 61072 ||| INVOKING Summon Divine Warrior.
 61076 | Crypt:2  | Noticed Grunn
 61085 | Crypt:2  | Killed Grunn
 61088 | Crypt:2  | 61088 ||| INVOKING Cleansing Flame.
 61089 | Crypt:2  | 61089 ||| INVOKING Cleansing Flame.
 61093 | Crypt:2  | 61093 ||| INVOKING Cleansing Flame.
 61600 | Crypt:2  | 61600 ||| Stepping ~*~*~tactically~*~*~ (stealth).
 61603 | Crypt:2  | 61603 ||| Stepping ~*~*~tactically~*~*~ (hiding).
 61604 | Crypt:2  | 61604 ||| Stepping ~*~*~tactically~*~*~ (hiding).
 61723 | Crypt:2  | Found a basalt altar of Yredelemnul.
 61803 | Crypt:2  | Identified the +0 morningstar of Narai {holy, *Slow rN++
                  | Dex+3 SInv}
 62003 | Crypt:2  | 62003 ||| Stepping ~*~*~tactically~*~*~ (hiding).
 62005 | Crypt:2  | 62005 ||| Stepping ~*~*~tactically~*~*~ (hiding).
 62007 | Crypt:2  | 62007 ||| Stepping ~*~*~tactically~*~*~ (hiding).
 62148 | Crypt:2  | 62148 ||| Stepping ~*~*~tactically~*~*~ (cloud).
 62152 | Crypt:2  | 62152 ||| Stepping ~*~*~tactically~*~*~ (cloud).
 62306 | Crypt:2  | 62306 ||| DROPPING +2 cloak of preservation.
 62342 | Crypt:3  | Entered Level 3 of the Crypt
 62487 | Crypt:3  | 62487 ||| Stepping ~*~*~tactically~*~*~ (hiding).
 62527 | Crypt:3  | 62527 ||| Stepping ~*~*~tactically~*~*~ (stealth).
 62566 | Crypt:3  | 62566 ||| FLEEEEING.
 62567 | Crypt:3  | 62567 ||| FLEEEEING.
 62568 | Crypt:3  | 62568 ||| FLEEEEING.
 62615 | Crypt:3  | 62615 ||| Stepping ~*~*~tactically~*~*~ (stealth).
 62616 | Crypt:3  | 62616 ||| Stepping ~*~*~tactically~*~*~ (stealth).
 62620 | Crypt:3  | 62620 ||| Stepping ~*~*~tactically~*~*~ (stealth).
 62632 | Crypt:3  | Found an ancient bone altar of Kikubaaqudgha.
 62698 | Crypt:3  | 62698 ||| Stepping ~*~*~tactically~*~*~ (hiding).
 62699 | Crypt:3  | 62699 ||| Stepping ~*~*~tactically~*~*~ (hiding).
 62705 | Crypt:3  | 62705 ||| Stepping ~*~*~tactically~*~*~ (hiding).
 62706 | Crypt:3  | 62706 ||| Stepping ~*~*~tactically~*~*~ (hiding).
 62714 | Crypt:3  | 62714 ||| DRINKING 10 potions of curing.
 62714 | Crypt:3  | 62714 ||| (to cure confusion)
 62759 | Crypt:3  | 62759 ||| DRINKING 9 potions of curing.
 62759 | Crypt:3  | 62759 ||| (to cure confusion)
 62769 | Crypt:3  | 62769 ||| DRINKING 8 potions of curing.
 62769 | Crypt:3  | 62769 ||| (to cure confusion)
 62992 | Crypt:3  | Found the +13 scythe of Curses {drain, curses, Drain}
 62992 | Crypt:3  | Noticed an ancient lich
 62993 | Crypt:3  | 62993 ||| Stepping ~*~*~tactically~*~*~ (hiding).
 62999 | Crypt:3  | 62999 ||| INVOKING Summon Divine Warrior.
 63004 | Crypt:3  | Killed an ancient lich
 63011 | Crypt:3  | Identified the staff of air "Daomn" {Contam rElec rPois
                  | Str+2}
 63013 | Crypt:3  | Identified the amulet of Wism {Reflect rPois Int+3 SH+5}
 63023 | Crypt:3  | Identified the staff of conjuration "Wetinee" {rCorr Int+6
                  | Dex-2}
 63049 | Crypt:3  | 63049 ||| DROPPING amulet of Wism {Reflect rPois Int+3
                  | SH+5}.
 63082 | Crypt:3  | Reached skill level 18 in Invocations
 63329 | Crypt:3  | Reached XP level 27. HP: 196/196 MP: 36/36
 63383 | Crypt:3  | 63383 ||| Stepping ~*~*~tactically~*~*~ (stealth).
 63602 | Crypt:3  | Found a staircase to the Tomb.
 63604 | Crypt:3  | 63604 ||| INVOKING Cleansing Flame.
 63605 | Crypt:3  | 63605 ||| INVOKING Cleansing Flame.
 63888 | Crypt:3  | 63888 ||| Stepping ~*~*~tactically~*~*~ (stealth).
 63928 | Crypt:3  | 63928 ||| INVOKING Summon Divine Warrior.
 63930 | Crypt:3  | 63930 ||| INVOKING Cleansing Flame.
 63931 | Crypt:3  | 63931 ||| INVOKING Cleansing Flame.
 64084 | Crypt:3  | 64084 ||| DROPPING +1 cloak.
 64244 | Crypt:3  | 64244 ||| Stepping ~*~*~tactically~*~*~ (stealth).
 64346 | Crypt:3  | 64346 ||| PLANNING TOMB
 64417 | Tomb:1   | Entered Level 1 of the Tomb of the Ancients
 64423 | Tomb:1   | 64423 ||| INVOKING Cleansing Flame.
 64424 | Tomb:1   | 64424 ||| INVOKING Cleansing Flame.
 64555 | Tomb:1   | Paralysed by a sphinx for 2 turns
 64561 | Tomb:1   | 64561 ||| DRINKING 7 potions of curing.
 64561 | Tomb:1   | 64561 ||| (to cure confusion)
 64563 | Tomb:1   | Paralysed by a sphinx for 2 turns
 64569 | Tomb:1   | Paralysed by a sphinx for 5 turns
 64574 | Tomb:1   | 64574 ||| DRINKING 6 potions of curing.
 64574 | Tomb:1   | 64574 ||| (to cure confusion)
 64575 | Tomb:1   | 64575 ||| INVOKING Summon Divine Warrior.
 64576 | Tomb:1   | 64576 ||| INVOKING Cleansing Flame.
 64581 | Tomb:1   | 64581 ||| INVOKING Summon Divine Warrior.
 64871 | Tomb:1   | 64871 ||| INVOKING Cleansing Flame.
 64876 | Tomb:1   | 64876 ||| FLEEEEING.
 64877 | Tomb:1   | 64877 ||| FLEEEEING.
 64878 | Tomb:1   | 64878 ||| FLEEEEING.
 64879 | Tomb:1   | 64879 ||| FLEEEEING.
 64880 | Tomb:1   | 64880 ||| FLEEEEING.
 64881 | Tomb:1   | 64881 ||| FLEEEEING.
 64915 | Tomb:1   | 64915 ||| INVOKING Cleansing Flame.
 64916 | Tomb:1   | 64916 ||| INVOKING Cleansing Flame.
 65099 | Tomb:1   | Identified the +10 glaive of Manoaclu {flame, rPois}
 65297 | Tomb:1   | 65297 ||| FLEEEEING.
 65298 | Tomb:1   | 65298 ||| FLEEEEING.
 65300 | Tomb:1   | 65300 ||| FLEEEEING.
 65318 | Tomb:1   | 65318 ||| INVOKING Cleansing Flame.
 65319 | Tomb:1   | 65319 ||| INVOKING Cleansing Flame.
 65329 | Tomb:1   | 65329 ||| FLEEEEING.
 65330 | Tomb:1   | 65330 ||| FLEEEEING.
 65331 | Tomb:1   | 65331 ||| FLEEEEING.
 65332 | Tomb:1   | 65332 ||| FLEEEEING.
 65333 | Tomb:1   | 65333 ||| FLEEEEING.
 65334 | Tomb:1   | 65334 ||| FLEEEEING.
 65335 | Tomb:1   | 65335 ||| FLEEEEING.
 65336 | Tomb:1   | 65336 ||| FLEEEEING.
 65337 | Tomb:1   | 65337 ||| FLEEEEING.
 65338 | Tomb:1   | 65338 ||| FLEEEEING.
 65339 | Tomb:1   | 65339 ||| FLEEEEING.
 65340 | Tomb:1   | 65340 ||| FLEEEEING.
 65341 | Tomb:1   | 65341 ||| FLEEEEING.
 65342 | Tomb:1   | 65342 ||| FLEEEEING.
 65343 | Tomb:1   | 65343 ||| FLEEEEING.
 65344 | Tomb:1   | 65344 ||| FLEEEEING.
 65345 | Tomb:1   | 65345 ||| FLEEEEING.
 65357 | Tomb:1   | 65357 ||| FLEEEEING.
 65358 | Tomb:1   | 65358 ||| FLEEEEING.
 65359 | Tomb:1   | 65359 ||| FLEEEEING.
 65372 | Tomb:1   | 65372 ||| FLEEEEING.
 65373 | Tomb:1   | 65373 ||| FLEEEEING.
 65374 | Tomb:1   | 65374 ||| FLEEEEING.
 65469 | Tomb:1   | 65469 ||| INVOKING Cleansing Flame.
 65470 | Tomb:1   | 65470 ||| INVOKING Cleansing Flame.
 65473 | Tomb:1   | Paralysed by a guardian mummy for 2 turns
 65543 | Tomb:1   | 65543 ||| Stepping ~*~*~tactically~*~*~ (stealth).
 66144 | Tomb:2   | 66144 ||| DRINKING 7 potions of haste.
 66145 | Tomb:2   | 66145 ||| DRINKING 10 potions of attraction.
 66147 | Tomb:2   | 66147 ||| INVOKING Cleansing Flame.
 66149 | Tomb:2   | Noticed a royal mummy
 66149 | Tomb:2   | Noticed a royal mummy
 66149 | Tomb:2   | Noticed a royal mummy
 66150 | Tomb:2   | 66150 ||| INVOKING Summon Divine Warrior.
 66151 | Tomb:2   | Noticed a royal mummy
 66152 | Tomb:2   | 66152 ||| INVOKING Cleansing Flame.
 66153 | Tomb:2   | 66153 ||| INVOKING Cleansing Flame.
 66156 | Tomb:2   | 66156 ||| INVOKING Cleansing Flame.
 66156 | Tomb:2   | Killed a royal mummy
 66157 | Tomb:2   | 66157 ||| INVOKING Cleansing Flame.
 66157 | Tomb:2   | Killed a royal mummy
 66157 | Tomb:2   | Killed a royal mummy
 66158 | Tomb:2   | Killed a royal mummy
 66184 | Tomb:2   | Reached skill level 21 in Invocations
 66258 | Tomb:2   | 66258 ||| Stepping ~*~*~tactically~*~*~ (stealth).
 66259 | Tomb:2   | 66259 ||| Stepping ~*~*~tactically~*~*~ (stealth).
 66260 | Tomb:2   | 66260 ||| Stepping ~*~*~tactically~*~*~ (stealth).
 66301 | Tomb:2   | 66301 ||| INVOKING Cleansing Flame.
 66370 | Tomb:2   | Was forgiven by Okawaru
 66445 | Tomb:2   | 66445 ||| READING scroll of enchant weapon.
 66445 | Tomb:2   | 66445 ||| ENCHANTING +7 broad axe of holy wrath.
 66820 | Tomb:1   | 66820 ||| INVOKING Cleansing Flame.
 66829 | Tomb:1   | Noticed a royal mummy
 66830 | Tomb:1   | 66830 ||| INVOKING Cleansing Flame.
 66831 | Tomb:1   | 66831 ||| INVOKING Summon Divine Warrior.
 66834 | Tomb:1   | Killed a royal mummy
 66842 | Tomb:1   | Noticed a royal mummy
 66843 | Tomb:1   | 66843 ||| INVOKING Cleansing Flame.
 66846 | Tomb:1   | Killed a royal mummy
 66846 | Tomb:1   | Noticed a royal mummy
 66847 | Tomb:1   | 66847 ||| INVOKING Cleansing Flame.
 66848 | Tomb:1   | 66848 ||| INVOKING Cleansing Flame.
 66854 | Tomb:1   | Killed a royal mummy
 66983 | Tomb:1   | Noticed a royal mummy
 66986 | Tomb:1   | Noticed a royal mummy
 66990 | Tomb:1   | Killed a royal mummy
 66993 | Tomb:1   | 66993 ||| INVOKING Summon Divine Warrior.
 66994 | Tomb:1   | 66994 ||| INVOKING Cleansing Flame.
 66994 | Tomb:1   | Noticed a royal mummy
 66995 | Tomb:1   | 66995 ||| INVOKING Cleansing Flame.
 66995 | Tomb:1   | Noticed a royal mummy
 66996 | Tomb:1   | 66996 ||| INVOKING Cleansing Flame.
 66996 | Tomb:1   | Killed a royal mummy
 67003 | Tomb:1   | 67003 ||| INVOKING Cleansing Flame.
 67004 | Tomb:1   | 67004 ||| INVOKING Summon Divine Warrior.
 67009 | Tomb:1   | Killed a royal mummy
 67010 | Tomb:1   | 67010 ||| INVOKING Cleansing Flame.
 67013 | Tomb:1   | Killed a royal mummy
 67013 | Tomb:1   | HP: 48/196 [something (27)]
 67014 | Tomb:1   | 67014 ||| DRINKING 5 potions of heal wounds.
 67037 | Tomb:1   | Noticed a royal mummy
 67040 | Tomb:1   | 67040 ||| INVOKING Cleansing Flame.
 67041 | Tomb:1   | 67041 ||| INVOKING Cleansing Flame.
 67041 | Tomb:1   | Noticed a royal mummy
 67042 | Tomb:1   | 67042 ||| INVOKING Cleansing Flame.
 67042 | Tomb:1   | Killed a royal mummy
 67043 | Tomb:1   | 67043 ||| DRINKING 7 potions of magic.
 67044 | Tomb:1   | 67044 ||| INVOKING Cleansing Flame.
 67045 | Tomb:1   | 67045 ||| INVOKING Cleansing Flame.
 67046 | Tomb:1   | 67046 ||| INVOKING Cleansing Flame.
 67046 | Tomb:1   | Killed a royal mummy
 67056 | Tomb:1   | Noticed a royal mummy
 67058 | Tomb:1   | Noticed a royal mummy
 67058 | Tomb:1   | Noticed a royal mummy
 67059 | Tomb:1   | 67059 ||| INVOKING Cleansing Flame.
 67060 | Tomb:1   | 67060 ||| INVOKING Cleansing Flame.
 67060 | Tomb:1   | Killed a royal mummy
 67061 | Tomb:1   | 67061 ||| INVOKING Cleansing Flame.
 67062 | Tomb:1   | 67062 ||| INVOKING Cleansing Flame.
 67062 | Tomb:1   | Killed a royal mummy
 67063 | Tomb:1   | 67063 ||| INVOKING Cleansing Flame.
 67064 | Tomb:1   | 67064 ||| INVOKING Cleansing Flame.
 67065 | Tomb:1   | 67065 ||| DRINKING 6 potions of magic.
 67066 | Tomb:1   | 67066 ||| INVOKING Cleansing Flame.
 67066 | Tomb:1   | Killed a royal mummy
 67072 | Tomb:1   | Noticed a royal mummy
 67078 | Tomb:1   | 67078 ||| INVOKING Cleansing Flame.
 67079 | Tomb:1   | Killed a royal mummy
 67255 | Tomb:1   | Noticed a royal mummy
 67256 | Tomb:1   | 67256 ||| INVOKING Summon Divine Warrior.
 67259 | Tomb:1   | 67259 ||| INVOKING Cleansing Flame.
 67260 | Tomb:1   | 67260 ||| INVOKING Cleansing Flame.
 67261 | Tomb:1   | 67261 ||| INVOKING Cleansing Flame.
 67261 | Tomb:1   | Killed a royal mummy
 67481 | Tomb:1   | Noticed a royal mummy
 67482 | Tomb:1   | 67482 ||| INVOKING Summon Divine Warrior.
 67486 | Tomb:1   | 67486 ||| INVOKING Cleansing Flame.
 67487 | Tomb:1   | 67487 ||| INVOKING Cleansing Flame.
 67487 | Tomb:1   | Killed a royal mummy
 67907 | Tomb:2   | 67907 ||| INVOKING Cleansing Flame.
 67916 | Tomb:2   | 67916 ||| INVOKING Cleansing Flame.
 68096 | Tomb:2   | 68096 ||| READING scroll of acquirement.
 68096 | Tomb:2   | 68096 ||| ACQUIRING +5 tower shield "Koigruidev" {Slay+2}
 68096 | Tomb:2   | Acquired the +5 tower shield "Koigruidev" {Slay+2}
 68146 | Tomb:2   | 68146 ||| UPGRADING to +5 tower shield "Koigruidev"
                  | {Slay+2}.
 68156 | Tomb:2   | 68156 ||| DROPPING +2 tower shield of reflection.
 68157 | Tomb:2   | 68157 ||| DROPPING +0 tower shield of fire resistance.
 68299 | Tomb:3   | Entered Level 3 of the Tomb of the Ancients
 68300 | Tomb:3   | 68300 ||| DRINKING 6 potions of haste.
 68301 | Tomb:3   | 68301 ||| DRINKING 9 potions of attraction.
 68340 | Tomb:3   | 68340 ||| INVOKING Cleansing Flame.
 68341 | Tomb:3   | Reached skill level 18 in Axes
 68344 | Tomb:3   | Noticed a royal mummy
 68345 | Tomb:3   | 68345 ||| INVOKING Summon Divine Warrior.
 68346 | Tomb:3   | Noticed a royal mummy
 68347 | Tomb:3   | 68347 ||| INVOKING Cleansing Flame.
 68347 | Tomb:3   | Noticed a royal mummy
 68348 | Tomb:3   | 68348 ||| INVOKING Cleansing Flame.
 68349 | Tomb:3   | Noticed a royal mummy
 68349 | Tomb:3   | Noticed a royal mummy
 68352 | Tomb:3   | 68352 ||| INVOKING Cleansing Flame.
 68353 | Tomb:3   | Noticed a royal mummy
 68353 | Tomb:3   | Noticed a royal mummy
 68354 | Tomb:3   | 68354 ||| INVOKING Summon Divine Warrior.
 68358 | Tomb:3   | Killed a royal mummy
 68362 | Tomb:3   | Noticed a royal mummy
 68363 | Tomb:3   | Noticed a royal mummy
 68364 | Tomb:3   | 68364 ||| INVOKING Cleansing Flame.
 68364 | Tomb:3   | HP: 44/196 [royal mummy/divine providence (11)]
 68365 | Tomb:3   | 68365 ||| READING 20 scrolls of teleportation.
 68366 | Tomb:3   | 68366 ||| DRINKING 4 potions of heal wounds.
 68367 | Tomb:3   | 68367 ||| DRINKING 3 potions of heal wounds.
 68370 | Tomb:3   | 68370 ||| INVOKING Summon Divine Warrior.
 68379 | Tomb:3   | HP: 49/196 [constriction (2)]
 68380 | Tomb:3   | 68380 ||| READING 19 scrolls of teleportation.
 68381 | Tomb:3   | 68381 ||| DRINKING 2 potions of heal wounds.
 68381 | Tomb:3   | HP: 24/196 [emperor scorpion[a royal mummy] (3)]
 68382 | Tomb:3   | 68382 ||| DRINKING potion of heal wounds.
 68387 | Tomb:3   | 68387 ||| INVOKING Summon Divine Warrior.
 68387 | Tomb:3   | HP: 41/196 [royal mummy/divine providence (10)]
 68388 | Tomb:3   | 68388 ||| READING 18 scrolls of teleportation.
 68391 | Tomb:3   | 68391 ||| INVOKING Cleansing Flame.
 68392 | Tomb:3   | 68392 ||| READING 17 scrolls of teleportation.
 68393 | Tomb:3   | HP: 24/196 [royal mummy/divine providence (14)]
 68394 | Tomb:3   | HP: 10/196 [hellwing[a mummy priest] (2)]
 68395 | Tomb:3   | 68395 ||| READING 16 scrolls of teleportation.
 68395 | Tomb:3   | HP: 2/196 [mummy priest/divine providence (8)]
 68395 | Tomb:3   | Killed from afar by a royal mummy

Levels and vault maps discovered:
D:1:      dpeg_arrival_simpleton_c, layout_loops_ring, reono_crystal_passage
D:2:      layout_loops_ring, uniq_crazy_yiuf_cottage
D:3:      wad_crossroads, layout_loops_ring, uniq_sigmund, uniq_grinder
D:4:      layout_basic, serial_shops, shop, grunt_ministairs_6, uniq_ijyb
D:5:      layout_loops_ring, pdpol_wu_jian_five_deadly_venoms,
          minmay_misc_feat_x, guppyfry_early_orc_mine
D:6:      layout_rooms, marbit_many_paths, mainiacjoe_overflow_two_lobes,
          chequers_arboretum, uniq_eustachio
D:7:      layout_basic, minmay_temple_entry_junction, uniq_menkaure
D:8:      layout_basic, erik_lair_orcish_takeover
D:9:      layout_basic, kennysheep_generic_room_16
D:10:     layout_cave_pools
D:11:     layout_gridville
D:12:     layout_small_grid, kennysheep_orc_monster_closet_entryway,
          serial_bayou_pond_c, nicolae_uskayaw_suspiria
D:13:     layout_stronghold, zin_statuary
D:14:     layout_loops_ring, david_vaults_2,
          portal_ice_cave_entry_ice_statue_two
D:15:     grunt_enter_depths_hoard, layout_irregular_city,
          grunt_dithmenos_smoke_and_mirrors, minmay_sticks_and_stones,
          uniq_rupert
Temple:   mainiacjoe_temple_coin_purse
Lair:1:   gammafunk_cloud_chamber, layout_regular_city, lemuel_oklob_altar,
          grunt_megastairs_3, infiniplex_staircase_pool_2, lemuel_fruit_tree,
          serial_bayou_shore_b
Lair:2:   layout_cave_pods, cheibrodos_lair_lostbears
Lair:3:   layout_cellular_growth, nicolae_swamp_entry_splash_gauntlet,
          minmay_snake_entry_guardpost_small, serial_bayou_shore_b,
          infiniplex_staircase_pool
Lair:4:   gammafunk_worm_tunnel, layout_regular_city, uniq_urug
Lair:5:   grunt_lair_end_beastmaster, layout_regular_city, slime_entry_2
Swamp:1:  layout_basic_swamp, evilmike_swamp_ruin_wall, uniq_roxanne
Swamp:2:  layout_basic_swamp, nicolae_swamp_triple_paths, swamp_pool2,
          nicolae_swamp_stuck_in_the_mud
Swamp:3:  layout_basic_swamp, gammafunk_ghost_abyssal_escape,
          nicolae_swamp_very_dense_foliage
Swamp:4:  swamp_basic_johnstein, layout_basic_swamp
Snake:1:  layout_grid_shapes
Snake:2:  layout_misc_corridors, serial_shops, nicolae_shop_real_fake_doors,
          serial_nicolae_subway, nicolae_sub_station_metal,
          nicolae_sub_station_crystal, nicolae_sub_station_stone, uniq_aizul,
          uniq_nikola
Snake:3:  layout_chambers, serial_shops, nicolae_shop_gibbet_a_chance, shop,
          shop, shop, nicolae_shop_overgrown_old_shop, uniq_azrael
Snake:4:  minmay_snake_end_coiled, layout_basic, minmay_shoptagon
Slime:1:  layout_caves
Slime:2:  layout_caves
Slime:3:  layout_caves
Slime:4:  layout_caves, cheibrodos_slime_lost_civilization_6
Slime:5
Orc:1:    layout_caves, basic_altar
Orc:2:    st_orc_rangers, layout_caves, gauntlet_entry_generic, uniq_erolcha
Vaults:1: dpeg_vaults_pockets_of_resistance, ontoclasm_vaults_spin, v_misc_17,
          hangedman_vaults_capsules, nicolae_vaults_asterisk,
          vaults_room_semicircle, ontoclasm_vaults_loading_screen,
          vaults_room_fours, nicolae_vaults_taking_the_gang_shopping,
          nicolae_vaults_tetromino_T_1, nicolae_vaults_little_ls,
          layout_vaults_ring
Vaults:2: minmay_crypt_entry_nasty_monster, vaults_mumra_hex, v_alt_pattern_3,
          nicolae_vaults_more_shelving_2, vaults_standard_mumra_x,
          vaults_room_corners, vaults_room_corners, nicolae_vaults_cochlea,
          nicolae_vaults_storage_room_water, vaults_dpeg_diagonal,
          layout_vaults_omnigrid, serial_shops, nicolae_shop_behind_doors,
          uniq_mara
Vaults:3: ontoclasm_vaults_pinch, st_eye, nicolae_vaults_twisting_passages,
          vaults_dpeg_emergency_exit, vaults_room_grid, nicolae_vaults_swerve,
          hangedman_vaults_snaps, hangedman_vaults_trim,
          nicolae_vaults_six-pack, nicolae_vaults_big_ls,
          layout_vaults_chaotic_city
Vaults:4: hangedman_vaults_stitches, st_octagons_1,
          nicolae_vaults_ring_of_whatevers, nicolae_vaults_double_plus_1,
          ontoclasm_vaults_chip, nicolae_vaults_house_1,
          nicolae_vaults_specimen_jars, v_pattern_2,
          nicolae_vaults_variable_pillar_hall, v_misc_26,
          nicolae_vaults_hallways_thing, v_misc_17, vaults_room_grid,
          layout_vaults_omnibox, serial_shops, nicolae_square_shop
Vaults:5
Crypt:1:  layout_basic, roderic_lattice_octagonal_star
Crypt:2:  gammafunk_crypt_yreds_forest, layout_gridlike, grunt_ministairs_8,
          evilmike_ambush [evilmike_ambush_outer_corners,
          evilmike_ambush_inner_cross], uniq_xtahua, uniq_margery,
          uniq_bai_suzhen, uniq_grunn, uniq_zenata
Crypt:3:  evilmike_haunted_forest
Tomb:1
Tomb:2
Tomb:3
Depths:1: layout_basic, enter_ziggurat_e, pf_hell_entry_tar_spiral,
          minmay_room_of_horrors, serial_shops, shop, shop, shop,
          nicolae_shop_advertising_works [nicolae_subvault_shop_adworks], shop,
          grunt_decor_arrowhead, minmay_crystal_box,
          infiniplex_staircase_pool_lava
Depths:2: gammafunk_jiyva_shrine, layout_basic, hellmouth_3, pan_entry,
          minmay_misc_feat_secret_circle, infiniplex_staircase_squiggle
Depths:3: hangedman_stitches_corridor, layout_honeycomb,
          grunt_hell_entry_dis_mu, marbit_kobold_abyss_entry,
          hangedman_decor_clover_reticule, minislime_mu, minmay_shop_grove,
          uniq_enchantress
Depths:4: evilmike_zot_entry_round, layout_basic, nemelex_diamond_rough_becter,
          lightli_too_deep, uniq_josephina
Zot:1:    hellmonk_paralyzer, layout_basic, gammafunk_ghost_mausoleum,
          hangedman_zot_decor_scrapings
Zot:2:    layout_misc_corridors
Zot:3:    layout_gridlike, grunt_ministairs_3, grunt_megastairs_4
Zot:4:    layout_twisted_circle

Skill      XL: |  1  2  3  4  5  6  7  8  9 10 11 12 13 14 15 16 17 18 19 20 21 22 23 24 25 26 27 |
---------------+----------------------------------------------------------------------------------+-----
Axes           | 2 3 5 6 8 9 11 12 13 14 15 16 18 | 18.0
Throwing       | 1 2 3 4 6 7 9 10 11 12 13 14 | 14.0
Fighting       | 5 6 7 8 10 11 12 13 14 16 17 18 19 20 22 23 26 | 26.0
Dodging        | 1 2 6 7 8 9 11 12 | 12.0
Armour         | 4 6 7 9 10 11 12 13 15 16 18 19 21 22 | 22.0
Shields        | 4 5 6 7 9 12 14 18 19 20 21 22 | 22.0
Invocations    | 4 9 10 18 22 | 22.4

Action                     |  1- 3 |  4- 6 |  7- 9 | 10-12 | 13-15 | 16-18 | 19-21 | 22-24 | 25-27 || total
---------------------------+-------+-------+-------+-------+-------+-------+-------+-------+-------++-------
  Melee: War axe           |    68 |    36 |   281 |   510 |  1373 |  1826 |  1842 |  1597 |   625 ||  8158
         Unarmed           |       |       |    15 |       |       |       |       |       |       ||    15
         Kick              |       |       |     8 |       |       |       |       |       |       ||     8
         Morningstar       |       |       |       |       |    52 |    38 |       |       |       ||    90
         Broad axe         |       |       |       |       |       |       |       |       |   817 ||   817
  Throw: Boomerang         |       |     9 |    27 |    78 |    52 |    18 |    53 |    49 |   301 ||   587
         Javelin           |       |     8 |    38 |    48 |   109 |   104 |    77 |   110 |    18 ||   512
 Invoke: Heroism           |       |       |       |    21 |    36 |    41 |    15 |    26 |     8 ||   147
         Finesse           |       |       |       |     1 |     8 |     3 |     9 |    15 |     1 ||    37
         Cleansing Flame   |       |       |       |       |       |       |       |       |    64 ||    64
         Summon Divine War |       |       |       |       |       |       |       |       |    17 ||    17
         Brand Weapon With |       |       |       |       |       |       |       |       |     1 ||     1
    Use: Scroll            |     4 |       |    14 |    10 |     5 |    11 |     6 |     6 |     9 ||    65
         Potion            |       |       |     8 |     2 |     8 |     1 |    12 |     3 |    20 ||    54
 Armour: Scale mail        |    29 |       |       |       |       |       |       |       |       ||    29
         Chain mail        |    11 |    14 |   181 |    92 |       |       |       |       |       ||   298
         Plate armour      |       |       |       |   201 |   429 |       |       |       |       ||   630
         Gold dragon scale |       |       |       |       |   352 |   724 |  1377 |   616 |   772 ||  3841
  Dodge: Dodged            |    23 |    12 |   232 |   311 |   624 |   468 |   927 |   801 |   794 ||  4192
  Block: Buckler           |    12 |     6 |    68 |    95 |   133 |       |       |       |       ||   314
         Kite shield       |       |       |       |       |   373 |   184 |       |       |       ||   557
         Tower shield      |       |       |       |       |       |  1118 |  2017 |  1635 |  1491 ||  6261
         Reflection        |       |       |       |       |       |    83 |    58 |    51 |    49 ||   241

Table legend:
 A = Non-vault XP
 B = Vault XP
 C = Vault XP percentage of total XP
 D = Non-vault monster count
 E = Vault monster count
 F = Vault count percentage of total count
                 A         B        C        D         E       F
            +---------+---------+-------+---------+---------+-------
      Total |  745800 |  716214 |  49.0 |    1461 |     889 |  37.8
            +---------+---------+-------+---------+---------+-------
        D:1 |      17 |       0 |   0.0 |      10 |       0 |   0.0
        D:2 |      28 |       0 |   0.0 |      11 |       0 |   0.0
        D:3 |     112 |     508 |  81.9 |      11 |       6 |  35.3
        D:4 |     497 |      83 |  14.3 |      21 |       5 |  19.2
        D:5 |     503 |     216 |  30.0 |      20 |       7 |  25.9
        D:6 |     682 |     279 |  29.0 |      20 |       2 |   9.1
        D:7 |    1387 |     172 |  11.0 |      22 |       1 |   4.3
        D:8 |     684 |     609 |  47.1 |      19 |       8 |  29.6
        D:9 |    4977 |    1015 |  16.9 |      45 |       3 |   6.2
       D:10 |    3330 |       0 |   0.0 |      12 |       0 |   0.0
       D:11 |    3190 |       0 |   0.0 |      14 |       0 |   0.0
       D:12 |    3441 |    1551 |  31.1 |      10 |      20 |  66.7
       D:13 |    6159 |       0 |   0.0 |      24 |       0 |   0.0
       D:14 |   12766 |    2623 |  17.0 |      29 |       4 |  12.1
       D:15 |   12200 |    2225 |  15.4 |      22 |       3 |  12.0
     Lair:1 |    6347 |    1282 |  16.8 |      24 |       3 |  11.1
     Lair:2 |    6459 |    1161 |  15.2 |      20 |       4 |  16.7
     Lair:3 |    8886 |    1972 |  18.2 |      29 |       6 |  17.1
     Lair:4 |   10328 |     787 |   7.1 |      22 |       1 |   4.3
     Lair:5 |   12021 |    7951 |  39.8 |      40 |      19 |  32.2
    Swamp:1 |    6054 |    1371 |  18.5 |      17 |       1 |   5.6
    Swamp:2 |   10465 |       0 |   0.0 |      16 |       0 |   0.0
    Swamp:3 |   13019 |       0 |   0.0 |      19 |       0 |   0.0
    Swamp:4 |    8610 |   20743 |  70.7 |      18 |      34 |  65.4
    Snake:1 |    8826 |       0 |   0.0 |      18 |       0 |   0.0
    Snake:2 |   18516 |    3477 |  15.8 |      34 |       2 |   5.6
    Snake:3 |   17700 |    2046 |  10.4 |      37 |       7 |  15.9
    Snake:4 |   19035 |   20343 |  51.7 |      39 |      33 |  45.8
    Slime:1 |    1125 |       0 |   0.0 |       1 |       0 |   0.0
    Slime:2 |    5261 |       0 |   0.0 |      12 |       0 |   0.0
    Slime:3 |   17352 |       0 |   0.0 |      29 |       0 |   0.0
    Slime:4 |    1847 |       0 |   0.0 |       3 |       0 |   0.0
    Slime:5 |   12108 |   20684 |  63.1 |      16 |      16 |  50.0
      Orc:1 |    4796 |       0 |   0.0 |      35 |       0 |   0.0
      Orc:2 |    2814 |    5678 |  66.9 |      26 |      40 |  60.6
   Vaults:1 |   23679 |   34322 |  59.2 |      36 |      43 |  54.4
   Vaults:2 |   17956 |   21902 |  55.0 |      32 |      22 |  40.7
   Vaults:3 |   31002 |   35653 |  53.5 |      48 |      44 |  47.8
   Vaults:4 |   14962 |   25597 |  63.1 |      24 |      32 |  57.1
   Vaults:5 |   14633 |  108528 |  88.1 |      20 |      88 |  81.5
    Crypt:1 |   21322 |       0 |   0.0 |      33 |       0 |   0.0
    Crypt:2 |   32211 |   65527 |  67.0 |      45 |      57 |  55.9
    Crypt:3 |       0 |   58849 | 100.0 |       0 |      94 | 100.0
     Tomb:1 |   12623 |   88290 |  87.5 |      38 |      61 |  61.6
     Tomb:2 |   12964 |   35951 |  73.5 |      35 |      50 |  58.8
     Tomb:3 |   12650 |   23198 |  64.7 |      26 |      38 |  59.4
   Depths:1 |   31652 |    3381 |   9.7 |      40 |      15 |  27.3
   Depths:2 |   32132 |   11809 |  26.9 |      44 |      15 |  25.4
   Depths:3 |   26378 |   37085 |  58.4 |      41 |      47 |  53.4
   Depths:4 |   28529 |   20343 |  41.6 |      31 |      20 |  39.2
      Zot:1 |   60121 |   25965 |  30.2 |      52 |      13 |  20.0
      Zot:2 |   18556 |       0 |   0.0 |      15 |       0 |   0.0
      Zot:3 |   33947 |   18045 |  34.7 |      25 |      15 |  37.5
      Zot:4 |   42197 |       0 |   0.0 |      32 |       0 |   0.0
    Abyss:2 |   15420 |       0 |   0.0 |      40 |       0 |   0.0
    Abyss:3 |   21324 |       0 |   0.0 |      59 |       0 |   0.0
   Gauntlet |       0 |    4993 | 100.0 |       0 |      10 | 100.0
            +---------+---------+-------+---------+---------+-------
